 Dungeon Crawl Stone Soup version 0.30-a0-223-gcb0039aa0c (webtiles) character file.

Game seed: 5940541357633927472

1005 qw the Chopper (level 8, 50/50 HPs)
             Began as a Gargoyle Fighter on Oct 9, 2022.
             Quit the game on level 5 of the Dungeon.
             The game lasted 00:13:05 (5653 turns).

qw the Chopper (Gargoyle Fighter)                   Turns: 5653, Time: 00:13:06

Health: 50/50      AC: 17    Str: 21    XL:     8   Next: 20%
Magic:  8/8        EV:  7    Int: 10    God:
Gold:   144        SH:  4    Dex:  9    Spells: 7/7 levels left

rFire   + . .      SeeInvis .    Y - +3 war axe (flame)
rCold   . . .      Faith    .    c - +0 buckler
rNeg    + . .      Spirit   .    l - +0 chain mail
rPois   inf        Reflect  .    (no helmet)
rElec   +          Harm     .    g - +0 cloak
rCorr   .          Rampage  .    m - +0 pair of gloves
Will    .....                    (no boots)
Stlth   ..........               (no amulet)
HPRegen 0.28/turn                h - ring of protection from fire
MPRegen 0.11/turn                (no ring)

@: no status effects
A: sickness immunity, AC +5, negative energy resistance 1, electricity
resistance, torment resistance 1, petrification resistance
a: no special abilities


You were on level 5 of the Dungeon.
You visited 1 branch of the dungeon, and saw 5 of its levels.

You collected 144 gold pieces.


Innate Abilities, Weirdness & Mutations

You are immune to sickness and miasma.
Your stone body is resilient. (AC +5)
You are immune to poison.
You resist negative energy. (rN+)
You are resistant to electric shocks. (rElec)
You are resistant to unholy torment.
You are immune to petrification.


   Skills:
 - Level 5.4 Fighting
 - Level 7.1 Axes
 + Level 1.3 Throwing
 - Level 4.1 Armour
 - Level 1.2 Dodging
 - Level 3.2 Shields


You had 7 spell levels left.
You didn't know any spells.
Your spell library was empty.

Inventory:

Hand Weapons
 Y - a +3 war axe of flaming (weapon)
Missiles
 s - a javelin (quivered)
Armour
 c - a +0 buckler (worn)
 g - a +0 cloak (worn)
 l - a +0 chain mail (worn)
 m - a +0 pair of gloves (worn)
Jewellery
 h - a ring of protection from fire (left hand)
Scrolls
 a - a scroll of identify
Potions
 b - a potion of haste
 d - a potion of might
 e - 2 potions of cancellation
 j - 2 potions of attraction
 p - 3 potions of heal wounds
 r - 2 potions of curing

Dungeon Overview and Level Annotations

Branches:
Dungeon (5/15)
 Temple: D:4-7

Altars:
Cheibriados
Fedhas
Gozag
Hepliaklqana
Nemelex Xobeh
Okawaru
Zin


Message History

Sorry, I don't know how to get there.
Sorry, I don't know how to get there.
5640 ||| Stepping randomly (stuck).
Sorry, I don't know how to get there.
Sorry, I don't know how to get there.
5641 ||| Stepping randomly (stuck).
Sorry, I don't know how to get there.
Sorry, I don't know how to get there.
5642 ||| Stepping randomly (stuck).
Sorry, I don't know how to get there.
Sorry, I don't know how to get there.
5643 ||| Stepping randomly (stuck).
Sorry, I don't know how to get there.
Sorry, I don't know how to get there.
5644 ||| Stepping randomly (stuck).
Sorry, I don't know how to get there.
Sorry, I don't know how to get there.
5645 ||| Stepping randomly (stuck).
Sorry, I don't know how to get there.
Sorry, I don't know how to get there.
5646 ||| Stepping randomly (stuck).
Sorry, I don't know how to get there.
Sorry, I don't know how to get there.
5647 ||| Stepping randomly (stuck).
Sorry, I don't know how to get there.
Sorry, I don't know how to get there.
5648 ||| Stepping randomly (stuck).
Sorry, I don't know how to get there.
Sorry, I don't know how to get there.
5649 ||| Stepping randomly (stuck).
Sorry, I don't know how to get there.
Sorry, I don't know how to get there.
5650 ||| Stepping randomly (stuck).
Sorry, I don't know how to get there.
Sorry, I don't know how to get there.
5651 ||| Stepping randomly (stuck).
Sorry, I don't know how to get there.
Sorry, I don't know how to get there.
5652 ||| Stepping randomly (stuck).
Are you sure you want to abandon this character and quit the game? (Confirm with "yes".)

#............#....
###............... ###
#.).........)>..
#.##########.........
#..8.......#.........
#.......8}.#.........
###########8.#.........
#..#......#..#....####.
####.....@...#.8#..#.##...
#............#..#)[..#....
######....#...............#....
#...#.....#.............#....._
#.........#...............#....
##......[.....##..........#....
#..........#.##........#..##...
#..........##...##...####.####.
#.......##.##....#...## #......


There were no monsters in sight!

Vanquished Creatures
  Grinder (D:3)
  Menkaure (D:5)
  Edmund (D:5)
  A black bear (D:5)
  An ogre (D:5)
  A scorpion (D:4)
  2 hounds
  A jelly (D:5)
  2 iguanas (D:4)
  An orc wizard (D:4)
  7 adders
  An ufetubus (D:4)
  4 dart slugs
  8 orcs
  9 ball pythons
  5 endoplasms
  5 giant cockroaches
  3 goblins
  4 hobgoblins
  4 jackals
  3 quokkas
  5 bats
  2 frilled lizards
  6 kobolds
  2 rats
80 creatures vanquished.

Notes
Turn   | Place    | Note
-------+----------+-------------------------------------------
     0 | D:1      | qw the Gargoyle Fighter began the quest for the Orb.
     0 | D:1      | Reached XP level 1. HP: 14/14 MP: 1/1
     0 | D:1      | 0 ||| qw: Version: 0.2-a-17-g06abaee
     0 | D:1      | 0 ||| qw: Game counter: 2123
     0 | D:1      | 0 ||| qw: Always use a shield: true
     0 | D:1      | 0 ||| qw: God list: Okawaru
     0 | D:1      | 0 ||| qw: Allow faded altars: false
     0 | D:1      | 0 ||| qw: Do Orc after D:15 true
     0 | D:1      | 0 ||| qw: Do second Lair branch before Depths: true
     0 | D:1      | 0 ||| qw: Lair rune preference: random
     0 | D:1      | 0 ||| qw: Plans: Normal, Zot:1-4, God:TSO, Crypt, Tomb,
                  | Pan, Slime:5, Hells, Abyss, Orb
     0 | D:1      | 0 ||| PLANNING D:1-11
    57 | D:1      | 57 ||| Stepping ~*~*~tactically~*~*~ (stealth).
    63 | D:1      | Reached skill level 2 in Axes
   100 | D:1      | Reached XP level 2. HP: 19/19 MP: 2/2
   203 | D:1      | 203 ||| DROPPING +0 club.
   395 | D:1      | Reached skill level 3 in Axes
   484 | D:1      | Reached XP level 3. HP: 23/23 MP: 3/3
   492 | D:1      | Found a faded altar of an unknown god.
   558 | D:1      | 558 ||| Stepping ~*~*~tactically~*~*~ (hiding).
   559 | D:1      | 559 ||| Stepping ~*~*~tactically~*~*~ (hiding).
   898 | D:1      | 898 ||| UPGRADING to +0 pair of gloves.
   903 | D:1      | 903 ||| READING scroll labelled DIESMUDUCI.
   904 | D:1      | 904 ||| READING scroll labelled PETISI BEB ZYO.
   905 | D:1      | 905 ||| READING scroll labelled VOMPOAPR COTE.
   906 | D:1      | 906 ||| READING scroll labelled YJAGAF FYATH.
   907 | D:1      | 907 ||| READING scroll labelled AREHUF SUOLAGY.
   908 | D:1      | 908 ||| READING scroll labelled CATINO QUKHYH.
   909 | D:1      | 909 ||| DROPPING +0 flail.
   910 | D:1      | 910 ||| READING scroll labelled ITODUHI SYH.
   911 | D:1      | 911 ||| DRINKING 2 metallic grey potions.
   912 | D:1      | 912 ||| DRINKING 2 amethyst potions.
   913 | D:1      | 913 ||| DROPPING potion of brilliance.
  1072 | D:2      | Reached skill level 1 in Throwing
  1215 | D:2      | 1215 ||| Stepping ~*~*~tactically~*~*~ (stealth).
  1238 | D:2      | Reached XP level 4. HP: 28/28 MP: 4/4
  1309 | D:2      | 1309 ||| READING scroll of enchant weapon.
  1309 | D:2      | 1309 ||| ENCHANTING +1 war axe of flaming.
  1529 | D:2      | 1529 ||| UPGRADING to +0 cloak.
  1534 | D:2      | 1534 ||| UPGRADING to +0 chain mail.
  1544 | D:2      | 1544 ||| DROPPING +0 scale mail.
  1545 | D:2      | 1545 ||| UPGRADING to ring of protection from fire.
  1546 | D:2      | 1546 ||| READING scroll labelled SOL GEIFENUI.
  1547 | D:2      | 1547 ||| READING scroll labelled ODURGH RUASCH.
  1551 | D:2      | 1551 ||| DRINKING 2 red potions.
  1552 | D:2      | 1552 ||| DRINKING 2 clear potions.
  1553 | D:2      | 1553 ||| DROPPING potion of invisibility.
  1582 | D:3      | Noticed Grinder
  1588 | D:3      | Paralysed by Grinder for 5 turns
  1601 | D:3      | Killed Grinder
  1602 | D:3      | Reached skill level 5 in Axes
  1602 | D:3      | Reached XP level 5. HP: 20/32 MP: 5/5
  1602 | D:3      | Reached XP level 6. HP: 23/37 MP: 6/6
  1672 | D:3      | Found an opulent altar of Gozag.
  1672 | D:3      | Found a glowing silver altar of Zin.
  1722 | D:3      | Found a blossoming altar of Fedhas.
  2219 | D:3      | 2219 ||| READING scroll of enchant weapon.
  2219 | D:3      | 2219 ||| ENCHANTING +2 war axe of flaming.
  2290 | D:3      | 2290 ||| READING scroll labelled JUVEXK GIGAKOSI.
  2291 | D:3      | 2291 ||| DRINKING 2 black potions.
  2292 | D:3      | 2292 ||| DRINKING 2 silvery potions.
  2293 | D:3      | 2293 ||| READING 2 scrolls of identify.
  2293 | D:3      | 2293 ||| IDENTIFYING fizzy ruby potion
  2294 | D:3      | 2294 ||| DROPPING potion of flight.
  2295 | D:3      | 2295 ||| DROPPING potion of magic.
  2365 | D:4      | Found a snail-covered altar of Cheibriados.
  2422 | D:4      | 2422 ||| Stepping ~*~*~tactically~*~*~ (stealth).
  2423 | D:4      | 2423 ||| Stepping ~*~*~tactically~*~*~ (stealth).
  2494 | D:4      | 2494 ||| Stepping ~*~*~tactically~*~*~ (stealth).
  2495 | D:4      | 2495 ||| Stepping ~*~*~tactically~*~*~ (stealth).
  2588 | D:4      | 2588 ||| Stepping ~*~*~tactically~*~*~ (stealth).
  2589 | D:4      | 2589 ||| Stepping ~*~*~tactically~*~*~ (stealth).
  2591 | D:4      | 2591 ||| Stepping ~*~*~tactically~*~*~ (stealth).
  2598 | D:4      | 2598 ||| FLEEEEING.
  2626 | D:4      | 2626 ||| Stepping ~*~*~tactically~*~*~ (stealth).
  2627 | D:4      | 2627 ||| Stepping ~*~*~tactically~*~*~ (stealth).
  2628 | D:4      | 2628 ||| Stepping ~*~*~tactically~*~*~ (stealth).
  2630 | D:4      | 2630 ||| Stepping ~*~*~tactically~*~*~ (hiding).
  2633 | D:4      | 2633 ||| Stepping ~*~*~tactically~*~*~ (hiding).
  2744 | D:4      | Found a sparkling altar of Nemelex Xobeh.
  2786 | D:4      | Reached skill level 6 in Axes
  2786 | D:4      | Reached XP level 7. HP: 43/43 MP: 7/7
  2962 | D:4      | 2962 ||| Stepping ~*~*~tactically~*~*~ (hiding).
  2972 | D:4      | Reached skill level 1 in Dodging
  3159 | D:4      | 3159 ||| DRINKING 3 blue potions.
  3160 | D:4      | 3160 ||| READING 2 scrolls of identify.
  3160 | D:4      | 3160 ||| IDENTIFYING emerald potion
  3181 | D:5      | Entered Level 5 of the Dungeon
  3181 | D:5      | Noticed Edmund
  3192 | D:5      | Killed Edmund
  3193 | D:5      | 3193 ||| STAIRDANCE
  3444 | D:5      | Found a hazy altar of Hepliaklqana.
  3460 | D:5      | 3460 ||| Stepping ~*~*~tactically~*~*~ (stealth).
  3461 | D:5      | 3461 ||| Stepping ~*~*~tactically~*~*~ (stealth).
  3470 | D:5      | Reached skill level 7 in Axes
  3530 | D:5      | Noticed Menkaure
  3544 | D:5      | Killed Menkaure
  3545 | D:5      | Reached XP level 8. HP: 40/50 MP: 8/8
  3761 | D:5      | Found an iron altar of Okawaru.
  3762 | D:5      | 3762 ||| PLANNING OKAWARU WORSHIP
  3762 | D:5      | 3762 ||| DROPPING scarf of harm.
  3763 | D:5      | 3763 ||| READING scroll labelled ODUOR ROHAXKA.
  3764 | D:5      | 3764 ||| READING scroll labelled VIUSUA FEUTIFE.
  3765 | D:5      | 3765 ||| READING 2 scrolls of identify.
  3765 | D:5      | 3765 ||| IDENTIFYING lumpy clear potion
  3766 | D:5      | 3766 ||| DROPPING potion of degeneration.
  3767 | D:5      | 3767 ||| Stepping randomly (stuck).
  3768 | D:5      | 3768 ||| Stepping randomly (stuck).
  3769 | D:5      | 3769 ||| Stepping randomly (stuck).
  3770 | D:5      | 3770 ||| Stepping randomly (stuck).
  3771 | D:5      | 3771 ||| Stepping randomly (stuck).
  3772 | D:5      | 3772 ||| Stepping randomly (stuck).
  3773 | D:5      | 3773 ||| Stepping randomly (stuck).
  3774 | D:5      | 3774 ||| Stepping randomly (stuck).
  3775 | D:5      | 3775 ||| Stepping randomly (stuck).
  3776 | D:5      | 3776 ||| Stepping randomly (stuck).
  3777 | D:5      | 3777 ||| Stepping randomly (stuck).
  3778 | D:5      | 3778 ||| Stepping randomly (stuck).
  3779 | D:5      | 3779 ||| Stepping randomly (stuck).
  3780 | D:5      | 3780 ||| Stepping randomly (stuck).
  3781 | D:5      | 3781 ||| Stepping randomly (stuck).
  3782 | D:5      | 3782 ||| Stepping randomly (stuck).
  3783 | D:5      | 3783 ||| Stepping randomly (stuck).
  3784 | D:5      | 3784 ||| Stepping randomly (stuck).
  3785 | D:5      | 3785 ||| Stepping randomly (stuck).
  3786 | D:5      | 3786 ||| Stepping randomly (stuck).
  3787 | D:5      | 3787 ||| Stepping randomly (stuck).
  3788 | D:5      | 3788 ||| Stepping randomly (stuck).
  3789 | D:5      | 3789 ||| Stepping randomly (stuck).
  3790 | D:5      | 3790 ||| Stepping randomly (stuck).
  3791 | D:5      | 3791 ||| Stepping randomly (stuck).
  3792 | D:5      | 3792 ||| Stepping randomly (stuck).
  3793 | D:5      | 3793 ||| Stepping randomly (stuck).
  3794 | D:5      | 3794 ||| Stepping randomly (stuck).
  3795 | D:5      | 3795 ||| Stepping randomly (stuck).
  3796 | D:5      | 3796 ||| Stepping randomly (stuck).
  3797 | D:5      | 3797 ||| Stepping randomly (stuck).
  3798 | D:5      | 3798 ||| Stepping randomly (stuck).
  3799 | D:5      | 3799 ||| Stepping randomly (stuck).
  3800 | D:5      | 3800 ||| Stepping randomly (stuck).
  3801 | D:5      | 3801 ||| Stepping randomly (stuck).
  3802 | D:5      | 3802 ||| Stepping randomly (stuck).
  3803 | D:5      | 3803 ||| Stepping randomly (stuck).
  3804 | D:5      | 3804 ||| Stepping randomly (stuck).
  3805 | D:5      | 3805 ||| Stepping randomly (stuck).
  3806 | D:5      | 3806 ||| Stepping randomly (stuck).
  3807 | D:5      | 3807 ||| Stepping randomly (stuck).
  3808 | D:5      | 3808 ||| Stepping randomly (stuck).
  3809 | D:5      | 3809 ||| Stepping randomly (stuck).
  3810 | D:5      | 3810 ||| Stepping randomly (stuck).
  3811 | D:5      | 3811 ||| Stepping randomly (stuck).
  3812 | D:5      | 3812 ||| Stepping randomly (stuck).
  3813 | D:5      | 3813 ||| Stepping randomly (stuck).
  3814 | D:5      | 3814 ||| Stepping randomly (stuck).
  3815 | D:5      | 3815 ||| Stepping randomly (stuck).
  3816 | D:5      | 3816 ||| Stepping randomly (stuck).
  3817 | D:5      | 3817 ||| Stepping randomly (stuck).
  3818 | D:5      | 3818 ||| Stepping randomly (stuck).
  3819 | D:5      | 3819 ||| Stepping randomly (stuck).
  3820 | D:5      | 3820 ||| Stepping randomly (stuck).
  3821 | D:5      | 3821 ||| Stepping randomly (stuck).
  3822 | D:5      | 3822 ||| Stepping randomly (stuck).
  3823 | D:5      | 3823 ||| Stepping randomly (stuck).
  3824 | D:5      | 3824 ||| Stepping randomly (stuck).
  3825 | D:5      | 3825 ||| Stepping randomly (stuck).
  3826 | D:5      | 3826 ||| Stepping randomly (stuck).
  3827 | D:5      | 3827 ||| Stepping randomly (stuck).
  3828 | D:5      | 3828 ||| Stepping randomly (stuck).
  3829 | D:5      | 3829 ||| Stepping randomly (stuck).
  3830 | D:5      | 3830 ||| Stepping randomly (stuck).
  3831 | D:5      | 3831 ||| Stepping randomly (stuck).
  3832 | D:5      | 3832 ||| Stepping randomly (stuck).
  3833 | D:5      | 3833 ||| Stepping randomly (stuck).
  3834 | D:5      | 3834 ||| Stepping randomly (stuck).
  3835 | D:5      | 3835 ||| Stepping randomly (stuck).
  3836 | D:5      | 3836 ||| Stepping randomly (stuck).
  3837 | D:5      | 3837 ||| Stepping randomly (stuck).
  3838 | D:5      | 3838 ||| Stepping randomly (stuck).
  3839 | D:5      | 3839 ||| Stepping randomly (stuck).
  3840 | D:5      | 3840 ||| Stepping randomly (stuck).
  3841 | D:5      | 3841 ||| Stepping randomly (stuck).
  3842 | D:5      | 3842 ||| Stepping randomly (stuck).
  3843 | D:5      | 3843 ||| Stepping randomly (stuck).
  3844 | D:5      | 3844 ||| Stepping randomly (stuck).
  3845 | D:5      | 3845 ||| Stepping randomly (stuck).
  3846 | D:5      | 3846 ||| Stepping randomly (stuck).
  3847 | D:5      | 3847 ||| Stepping randomly (stuck).
  3848 | D:5      | 3848 ||| Stepping randomly (stuck).
  3849 | D:5      | 3849 ||| Stepping randomly (stuck).
  3850 | D:5      | 3850 ||| Stepping randomly (stuck).
  3851 | D:5      | 3851 ||| Stepping randomly (stuck).
  3852 | D:5      | 3852 ||| Stepping randomly (stuck).
  3853 | D:5      | 3853 ||| Stepping randomly (stuck).
  3854 | D:5      | 3854 ||| Stepping randomly (stuck).
  3855 | D:5      | 3855 ||| Stepping randomly (stuck).
  3856 | D:5      | 3856 ||| Stepping randomly (stuck).
  3857 | D:5      | 3857 ||| Stepping randomly (stuck).
  3858 | D:5      | 3858 ||| Stepping randomly (stuck).
  3859 | D:5      | 3859 ||| Stepping randomly (stuck).
  3860 | D:5      | 3860 ||| Stepping randomly (stuck).
  3861 | D:5      | 3861 ||| Stepping randomly (stuck).
  3862 | D:5      | 3862 ||| Stepping randomly (stuck).
  3863 | D:5      | 3863 ||| Stepping randomly (stuck).
  3864 | D:5      | 3864 ||| Stepping randomly (stuck).
  3865 | D:5      | 3865 ||| Stepping randomly (stuck).
  3866 | D:5      | 3866 ||| Stepping randomly (stuck).
  3867 | D:5      | 3867 ||| Stepping randomly (stuck).
  3868 | D:5      | 3868 ||| Stepping randomly (stuck).
  3869 | D:5      | 3869 ||| Stepping randomly (stuck).
  3870 | D:5      | 3870 ||| Stepping randomly (stuck).
  3871 | D:5      | 3871 ||| Stepping randomly (stuck).
  3872 | D:5      | 3872 ||| Stepping randomly (stuck).
  3873 | D:5      | 3873 ||| Stepping randomly (stuck).
  3874 | D:5      | 3874 ||| Stepping randomly (stuck).
  3875 | D:5      | 3875 ||| Stepping randomly (stuck).
  3876 | D:5      | 3876 ||| Stepping randomly (stuck).
  3877 | D:5      | 3877 ||| Stepping randomly (stuck).
  3878 | D:5      | 3878 ||| Stepping randomly (stuck).
  3879 | D:5      | 3879 ||| Stepping randomly (stuck).
  3880 | D:5      | 3880 ||| Stepping randomly (stuck).
  3881 | D:5      | 3881 ||| Stepping randomly (stuck).
  3882 | D:5      | 3882 ||| Stepping randomly (stuck).
  3883 | D:5      | 3883 ||| Stepping randomly (stuck).
  3884 | D:5      | 3884 ||| Stepping randomly (stuck).
  3885 | D:5      | 3885 ||| Stepping randomly (stuck).
  3886 | D:5      | 3886 ||| Stepping randomly (stuck).
  3887 | D:5      | 3887 ||| Stepping randomly (stuck).
  3888 | D:5      | 3888 ||| Stepping randomly (stuck).
  3889 | D:5      | 3889 ||| Stepping randomly (stuck).
  3890 | D:5      | 3890 ||| Stepping randomly (stuck).
  3891 | D:5      | 3891 ||| Stepping randomly (stuck).
  3892 | D:5      | 3892 ||| Stepping randomly (stuck).
  3893 | D:5      | 3893 ||| Stepping randomly (stuck).
  3894 | D:5      | 3894 ||| Stepping randomly (stuck).
  3895 | D:5      | 3895 ||| Stepping randomly (stuck).
  3896 | D:5      | 3896 ||| Stepping randomly (stuck).
  3897 | D:5      | 3897 ||| Stepping randomly (stuck).
  3898 | D:5      | 3898 ||| Stepping randomly (stuck).
  3899 | D:5      | 3899 ||| Stepping randomly (stuck).
  3900 | D:5      | 3900 ||| Stepping randomly (stuck).
  3901 | D:5      | 3901 ||| Stepping randomly (stuck).
  3902 | D:5      | 3902 ||| Stepping randomly (stuck).
  3903 | D:5      | 3903 ||| Stepping randomly (stuck).
  3904 | D:5      | 3904 ||| Stepping randomly (stuck).
  3905 | D:5      | 3905 ||| Stepping randomly (stuck).
  3906 | D:5      | 3906 ||| Stepping randomly (stuck).
  3907 | D:5      | 3907 ||| Stepping randomly (stuck).
  3908 | D:5      | 3908 ||| Stepping randomly (stuck).
  3909 | D:5      | 3909 ||| Stepping randomly (stuck).
  3910 | D:5      | 3910 ||| Stepping randomly (stuck).
  3911 | D:5      | 3911 ||| Stepping randomly (stuck).
  3912 | D:5      | 3912 ||| Stepping randomly (stuck).
  3913 | D:5      | 3913 ||| Stepping randomly (stuck).
  3914 | D:5      | 3914 ||| Stepping randomly (stuck).
  3915 | D:5      | 3915 ||| Stepping randomly (stuck).
  3916 | D:5      | 3916 ||| Stepping randomly (stuck).
  3917 | D:5      | 3917 ||| Stepping randomly (stuck).
  3918 | D:5      | 3918 ||| Stepping randomly (stuck).
  3919 | D:5      | 3919 ||| Stepping randomly (stuck).
  3920 | D:5      | 3920 ||| Stepping randomly (stuck).
  3921 | D:5      | 3921 ||| Stepping randomly (stuck).
  3922 | D:5      | 3922 ||| Stepping randomly (stuck).
  3923 | D:5      | 3923 ||| Stepping randomly (stuck).
  3924 | D:5      | 3924 ||| Stepping randomly (stuck).
  3925 | D:5      | 3925 ||| Stepping randomly (stuck).
  3926 | D:5      | 3926 ||| Stepping randomly (stuck).
  3927 | D:5      | 3927 ||| Stepping randomly (stuck).
  3928 | D:5      | 3928 ||| Stepping randomly (stuck).
  3929 | D:5      | 3929 ||| Stepping randomly (stuck).
  3930 | D:5      | 3930 ||| Stepping randomly (stuck).
  3931 | D:5      | 3931 ||| Stepping randomly (stuck).
  3932 | D:5      | 3932 ||| Stepping randomly (stuck).
  3933 | D:5      | 3933 ||| Stepping randomly (stuck).
  3934 | D:5      | 3934 ||| Stepping randomly (stuck).
  3935 | D:5      | 3935 ||| Stepping randomly (stuck).
  3936 | D:5      | 3936 ||| Stepping randomly (stuck).
  3937 | D:5      | 3937 ||| Stepping randomly (stuck).
  3938 | D:5      | 3938 ||| Stepping randomly (stuck).
  3939 | D:5      | 3939 ||| Stepping randomly (stuck).
  3940 | D:5      | 3940 ||| Stepping randomly (stuck).
  3941 | D:5      | 3941 ||| Stepping randomly (stuck).
  3942 | D:5      | 3942 ||| Stepping randomly (stuck).
  3943 | D:5      | 3943 ||| Stepping randomly (stuck).
  3944 | D:5      | 3944 ||| Stepping randomly (stuck).
  3945 | D:5      | 3945 ||| Stepping randomly (stuck).
  3946 | D:5      | 3946 ||| Stepping randomly (stuck).
  3947 | D:5      | 3947 ||| Stepping randomly (stuck).
  3948 | D:5      | 3948 ||| Stepping randomly (stuck).
  3949 | D:5      | 3949 ||| Stepping randomly (stuck).
  3950 | D:5      | 3950 ||| Stepping randomly (stuck).
  3951 | D:5      | 3951 ||| Stepping randomly (stuck).
  3952 | D:5      | 3952 ||| Stepping randomly (stuck).
  3953 | D:5      | 3953 ||| Stepping randomly (stuck).
  3954 | D:5      | 3954 ||| Stepping randomly (stuck).
  3955 | D:5      | 3955 ||| Stepping randomly (stuck).
  3956 | D:5      | 3956 ||| Stepping randomly (stuck).
  3957 | D:5      | 3957 ||| Stepping randomly (stuck).
  3958 | D:5      | 3958 ||| Stepping randomly (stuck).
  3959 | D:5      | 3959 ||| Stepping randomly (stuck).
  3960 | D:5      | 3960 ||| Stepping randomly (stuck).
  3961 | D:5      | 3961 ||| Stepping randomly (stuck).
  3962 | D:5      | 3962 ||| Stepping randomly (stuck).
  3963 | D:5      | 3963 ||| Stepping randomly (stuck).
  3964 | D:5      | 3964 ||| Stepping randomly (stuck).
  3965 | D:5      | 3965 ||| Stepping randomly (stuck).
  3966 | D:5      | 3966 ||| Stepping randomly (stuck).
  3967 | D:5      | 3967 ||| Stepping randomly (stuck).
  3968 | D:5      | 3968 ||| Stepping randomly (stuck).
  3969 | D:5      | 3969 ||| Stepping randomly (stuck).
  3970 | D:5      | 3970 ||| Stepping randomly (stuck).
  3971 | D:5      | 3971 ||| Stepping randomly (stuck).
  3972 | D:5      | 3972 ||| Stepping randomly (stuck).
  3973 | D:5      | 3973 ||| Stepping randomly (stuck).
  3974 | D:5      | 3974 ||| Stepping randomly (stuck).
  3975 | D:5      | 3975 ||| Stepping randomly (stuck).
  3976 | D:5      | 3976 ||| Stepping randomly (stuck).
  3977 | D:5      | 3977 ||| Stepping randomly (stuck).
  3978 | D:5      | 3978 ||| Stepping randomly (stuck).
  3979 | D:5      | 3979 ||| Stepping randomly (stuck).
  3980 | D:5      | 3980 ||| Stepping randomly (stuck).
  3981 | D:5      | 3981 ||| Stepping randomly (stuck).
  3982 | D:5      | 3982 ||| Stepping randomly (stuck).
  3983 | D:5      | 3983 ||| Stepping randomly (stuck).
  3984 | D:5      | 3984 ||| Stepping randomly (stuck).
  3985 | D:5      | 3985 ||| Stepping randomly (stuck).
  3986 | D:5      | 3986 ||| Stepping randomly (stuck).
  3987 | D:5      | 3987 ||| Stepping randomly (stuck).
  3988 | D:5      | 3988 ||| Stepping randomly (stuck).
  3989 | D:5      | 3989 ||| Stepping randomly (stuck).
  3990 | D:5      | 3990 ||| Stepping randomly (stuck).
  3991 | D:5      | 3991 ||| Stepping randomly (stuck).
  3992 | D:5      | 3992 ||| Stepping randomly (stuck).
  3993 | D:5      | 3993 ||| Stepping randomly (stuck).
  3994 | D:5      | 3994 ||| Stepping randomly (stuck).
  3995 | D:5      | 3995 ||| Stepping randomly (stuck).
  3996 | D:5      | 3996 ||| Stepping randomly (stuck).
  3997 | D:5      | 3997 ||| Stepping randomly (stuck).
  3998 | D:5      | 3998 ||| Stepping randomly (stuck).
  3999 | D:5      | 3999 ||| Stepping randomly (stuck).
  4000 | D:5      | 4000 ||| Stepping randomly (stuck).
  4001 | D:5      | 4001 ||| Stepping randomly (stuck).
  4002 | D:5      | 4002 ||| Stepping randomly (stuck).
  4003 | D:5      | 4003 ||| Stepping randomly (stuck).
  4004 | D:5      | 4004 ||| Stepping randomly (stuck).
  4005 | D:5      | 4005 ||| Stepping randomly (stuck).
  4006 | D:5      | 4006 ||| Stepping randomly (stuck).
  4007 | D:5      | 4007 ||| Stepping randomly (stuck).
  4008 | D:5      | 4008 ||| Stepping randomly (stuck).
  4009 | D:5      | 4009 ||| Stepping randomly (stuck).
  4010 | D:5      | 4010 ||| Stepping randomly (stuck).
  4011 | D:5      | 4011 ||| Stepping randomly (stuck).
  4012 | D:5      | 4012 ||| Stepping randomly (stuck).
  4013 | D:5      | 4013 ||| Stepping randomly (stuck).
  4014 | D:5      | 4014 ||| Stepping randomly (stuck).
  4015 | D:5      | 4015 ||| Stepping randomly (stuck).
  4016 | D:5      | 4016 ||| Stepping randomly (stuck).
  4017 | D:5      | 4017 ||| Stepping randomly (stuck).
  4018 | D:5      | 4018 ||| Stepping randomly (stuck).
  4019 | D:5      | 4019 ||| Stepping randomly (stuck).
  4020 | D:5      | 4020 ||| Stepping randomly (stuck).
  4021 | D:5      | 4021 ||| Stepping randomly (stuck).
  4022 | D:5      | 4022 ||| Stepping randomly (stuck).
  4023 | D:5      | 4023 ||| Stepping randomly (stuck).
  4024 | D:5      | 4024 ||| Stepping randomly (stuck).
  4025 | D:5      | 4025 ||| Stepping randomly (stuck).
  4026 | D:5      | 4026 ||| Stepping randomly (stuck).
  4027 | D:5      | 4027 ||| Stepping randomly (stuck).
  4028 | D:5      | 4028 ||| Stepping randomly (stuck).
  4029 | D:5      | 4029 ||| Stepping randomly (stuck).
  4030 | D:5      | 4030 ||| Stepping randomly (stuck).
  4031 | D:5      | 4031 ||| Stepping randomly (stuck).
  4032 | D:5      | 4032 ||| Stepping randomly (stuck).
  4033 | D:5      | 4033 ||| Stepping randomly (stuck).
  4034 | D:5      | 4034 ||| Stepping randomly (stuck).
  4035 | D:5      | 4035 ||| Stepping randomly (stuck).
  4036 | D:5      | 4036 ||| Stepping randomly (stuck).
  4037 | D:5      | 4037 ||| Stepping randomly (stuck).
  4038 | D:5      | 4038 ||| Stepping randomly (stuck).
  4039 | D:5      | 4039 ||| Stepping randomly (stuck).
  4040 | D:5      | 4040 ||| Stepping randomly (stuck).
  4041 | D:5      | 4041 ||| Stepping randomly (stuck).
  4042 | D:5      | 4042 ||| Stepping randomly (stuck).
  4043 | D:5      | 4043 ||| Stepping randomly (stuck).
  4044 | D:5      | 4044 ||| Stepping randomly (stuck).
  4045 | D:5      | 4045 ||| Stepping randomly (stuck).
  4046 | D:5      | 4046 ||| Stepping randomly (stuck).
  4047 | D:5      | 4047 ||| Stepping randomly (stuck).
  4048 | D:5      | 4048 ||| Stepping randomly (stuck).
  4049 | D:5      | 4049 ||| Stepping randomly (stuck).
  4050 | D:5      | 4050 ||| Stepping randomly (stuck).
  4051 | D:5      | 4051 ||| Stepping randomly (stuck).
  4052 | D:5      | 4052 ||| Stepping randomly (stuck).
  4053 | D:5      | 4053 ||| Stepping randomly (stuck).
  4054 | D:5      | 4054 ||| Stepping randomly (stuck).
  4055 | D:5      | 4055 ||| Stepping randomly (stuck).
  4056 | D:5      | 4056 ||| Stepping randomly (stuck).
  4057 | D:5      | 4057 ||| Stepping randomly (stuck).
  4058 | D:5      | 4058 ||| Stepping randomly (stuck).
  4059 | D:5      | 4059 ||| Stepping randomly (stuck).
  4060 | D:5      | 4060 ||| Stepping randomly (stuck).
  4061 | D:5      | 4061 ||| Stepping randomly (stuck).
  4062 | D:5      | 4062 ||| Stepping randomly (stuck).
  4063 | D:5      | 4063 ||| Stepping randomly (stuck).
  4064 | D:5      | 4064 ||| Stepping randomly (stuck).
  4065 | D:5      | 4065 ||| Stepping randomly (stuck).
  4066 | D:5      | 4066 ||| Stepping randomly (stuck).
  4067 | D:5      | 4067 ||| Stepping randomly (stuck).
  4068 | D:5      | 4068 ||| Stepping randomly (stuck).
  4069 | D:5      | 4069 ||| Stepping randomly (stuck).
  4070 | D:5      | 4070 ||| Stepping randomly (stuck).
  4071 | D:5      | 4071 ||| Stepping randomly (stuck).
  4072 | D:5      | 4072 ||| Stepping randomly (stuck).
  4073 | D:5      | 4073 ||| Stepping randomly (stuck).
  4074 | D:5      | 4074 ||| Stepping randomly (stuck).
  4075 | D:5      | 4075 ||| Stepping randomly (stuck).
  4076 | D:5      | 4076 ||| Stepping randomly (stuck).
  4077 | D:5      | 4077 ||| Stepping randomly (stuck).
  4078 | D:5      | 4078 ||| Stepping randomly (stuck).
  4079 | D:5      | 4079 ||| Stepping randomly (stuck).
  4080 | D:5      | 4080 ||| Stepping randomly (stuck).
  4081 | D:5      | 4081 ||| Stepping randomly (stuck).
  4082 | D:5      | 4082 ||| Stepping randomly (stuck).
  4083 | D:5      | 4083 ||| Stepping randomly (stuck).
  4084 | D:5      | 4084 ||| Stepping randomly (stuck).
  4085 | D:5      | 4085 ||| Stepping randomly (stuck).
  4086 | D:5      | 4086 ||| Stepping randomly (stuck).
  4087 | D:5      | 4087 ||| Stepping randomly (stuck).
  4088 | D:5      | 4088 ||| Stepping randomly (stuck).
  4089 | D:5      | 4089 ||| Stepping randomly (stuck).
  4090 | D:5      | 4090 ||| Stepping randomly (stuck).
  4091 | D:5      | 4091 ||| Stepping randomly (stuck).
  4092 | D:5      | 4092 ||| Stepping randomly (stuck).
  4093 | D:5      | 4093 ||| Stepping randomly (stuck).
  4094 | D:5      | 4094 ||| Stepping randomly (stuck).
  4095 | D:5      | 4095 ||| Stepping randomly (stuck).
  4096 | D:5      | 4096 ||| Stepping randomly (stuck).
  4097 | D:5      | 4097 ||| Stepping randomly (stuck).
  4098 | D:5      | 4098 ||| Stepping randomly (stuck).
  4099 | D:5      | 4099 ||| Stepping randomly (stuck).
  4100 | D:5      | 4100 ||| Stepping randomly (stuck).
  4101 | D:5      | 4101 ||| Stepping randomly (stuck).
  4102 | D:5      | 4102 ||| Stepping randomly (stuck).
  4103 | D:5      | 4103 ||| Stepping randomly (stuck).
  4104 | D:5      | 4104 ||| Stepping randomly (stuck).
  4105 | D:5      | 4105 ||| Stepping randomly (stuck).
  4106 | D:5      | 4106 ||| Stepping randomly (stuck).
  4107 | D:5      | 4107 ||| Stepping randomly (stuck).
  4108 | D:5      | 4108 ||| Stepping randomly (stuck).
  4109 | D:5      | 4109 ||| Stepping randomly (stuck).
  4110 | D:5      | 4110 ||| Stepping randomly (stuck).
  4111 | D:5      | 4111 ||| Stepping randomly (stuck).
  4112 | D:5      | 4112 ||| Stepping randomly (stuck).
  4113 | D:5      | 4113 ||| Stepping randomly (stuck).
  4114 | D:5      | 4114 ||| Stepping randomly (stuck).
  4115 | D:5      | 4115 ||| Stepping randomly (stuck).
  4116 | D:5      | 4116 ||| Stepping randomly (stuck).
  4117 | D:5      | 4117 ||| Stepping randomly (stuck).
  4118 | D:5      | 4118 ||| Stepping randomly (stuck).
  4119 | D:5      | 4119 ||| Stepping randomly (stuck).
  4120 | D:5      | 4120 ||| Stepping randomly (stuck).
  4121 | D:5      | 4121 ||| Stepping randomly (stuck).
  4122 | D:5      | 4122 ||| Stepping randomly (stuck).
  4123 | D:5      | 4123 ||| Stepping randomly (stuck).
  4124 | D:5      | 4124 ||| Stepping randomly (stuck).
  4125 | D:5      | 4125 ||| Stepping randomly (stuck).
  4126 | D:5      | 4126 ||| Stepping randomly (stuck).
  4127 | D:5      | 4127 ||| Stepping randomly (stuck).
  4128 | D:5      | 4128 ||| Stepping randomly (stuck).
  4129 | D:5      | 4129 ||| Stepping randomly (stuck).
  4130 | D:5      | 4130 ||| Stepping randomly (stuck).
  4131 | D:5      | 4131 ||| Stepping randomly (stuck).
  4132 | D:5      | 4132 ||| Stepping randomly (stuck).
  4133 | D:5      | 4133 ||| Stepping randomly (stuck).
  4134 | D:5      | 4134 ||| Stepping randomly (stuck).
  4135 | D:5      | 4135 ||| Stepping randomly (stuck).
  4136 | D:5      | 4136 ||| Stepping randomly (stuck).
  4137 | D:5      | 4137 ||| Stepping randomly (stuck).
  4138 | D:5      | 4138 ||| Stepping randomly (stuck).
  4139 | D:5      | 4139 ||| Stepping randomly (stuck).
  4140 | D:5      | 4140 ||| Stepping randomly (stuck).
  4141 | D:5      | 4141 ||| Stepping randomly (stuck).
  4142 | D:5      | 4142 ||| Stepping randomly (stuck).
  4143 | D:5      | 4143 ||| Stepping randomly (stuck).
  4144 | D:5      | 4144 ||| Stepping randomly (stuck).
  4145 | D:5      | 4145 ||| Stepping randomly (stuck).
  4146 | D:5      | 4146 ||| Stepping randomly (stuck).
  4147 | D:5      | 4147 ||| Stepping randomly (stuck).
  4148 | D:5      | 4148 ||| Stepping randomly (stuck).
  4149 | D:5      | 4149 ||| Stepping randomly (stuck).
  4150 | D:5      | 4150 ||| Stepping randomly (stuck).
  4151 | D:5      | 4151 ||| Stepping randomly (stuck).
  4152 | D:5      | 4152 ||| Stepping randomly (stuck).
  4153 | D:5      | 4153 ||| Stepping randomly (stuck).
  4154 | D:5      | 4154 ||| Stepping randomly (stuck).
  4155 | D:5      | 4155 ||| Stepping randomly (stuck).
  4156 | D:5      | 4156 ||| Stepping randomly (stuck).
  4157 | D:5      | 4157 ||| Stepping randomly (stuck).
  4158 | D:5      | 4158 ||| Stepping randomly (stuck).
  4159 | D:5      | 4159 ||| Stepping randomly (stuck).
  4160 | D:5      | 4160 ||| Stepping randomly (stuck).
  4161 | D:5      | 4161 ||| Stepping randomly (stuck).
  4162 | D:5      | 4162 ||| Stepping randomly (stuck).
  4163 | D:5      | 4163 ||| Stepping randomly (stuck).
  4164 | D:5      | 4164 ||| Stepping randomly (stuck).
  4165 | D:5      | 4165 ||| Stepping randomly (stuck).
  4166 | D:5      | 4166 ||| Stepping randomly (stuck).
  4167 | D:5      | 4167 ||| Stepping randomly (stuck).
  4168 | D:5      | 4168 ||| Stepping randomly (stuck).
  4169 | D:5      | 4169 ||| Stepping randomly (stuck).
  4170 | D:5      | 4170 ||| Stepping randomly (stuck).
  4171 | D:5      | 4171 ||| Stepping randomly (stuck).
  4172 | D:5      | 4172 ||| Stepping randomly (stuck).
  4173 | D:5      | 4173 ||| Stepping randomly (stuck).
  4174 | D:5      | 4174 ||| Stepping randomly (stuck).
  4175 | D:5      | 4175 ||| Stepping randomly (stuck).
  4176 | D:5      | 4176 ||| Stepping randomly (stuck).
  4177 | D:5      | 4177 ||| Stepping randomly (stuck).
  4178 | D:5      | 4178 ||| Stepping randomly (stuck).
  4179 | D:5      | 4179 ||| Stepping randomly (stuck).
  4180 | D:5      | 4180 ||| Stepping randomly (stuck).
  4181 | D:5      | 4181 ||| Stepping randomly (stuck).
  4182 | D:5      | 4182 ||| Stepping randomly (stuck).
  4183 | D:5      | 4183 ||| Stepping randomly (stuck).
  4184 | D:5      | 4184 ||| Stepping randomly (stuck).
  4185 | D:5      | 4185 ||| Stepping randomly (stuck).
  4186 | D:5      | 4186 ||| Stepping randomly (stuck).
  4187 | D:5      | 4187 ||| Stepping randomly (stuck).
  4188 | D:5      | 4188 ||| Stepping randomly (stuck).
  4189 | D:5      | 4189 ||| Stepping randomly (stuck).
  4190 | D:5      | 4190 ||| Stepping randomly (stuck).
  4191 | D:5      | 4191 ||| Stepping randomly (stuck).
  4192 | D:5      | 4192 ||| Stepping randomly (stuck).
  4193 | D:5      | 4193 ||| Stepping randomly (stuck).
  4194 | D:5      | 4194 ||| Stepping randomly (stuck).
  4195 | D:5      | 4195 ||| Stepping randomly (stuck).
  4196 | D:5      | 4196 ||| Stepping randomly (stuck).
  4197 | D:5      | 4197 ||| Stepping randomly (stuck).
  4198 | D:5      | 4198 ||| Stepping randomly (stuck).
  4199 | D:5      | 4199 ||| Stepping randomly (stuck).
  4200 | D:5      | 4200 ||| Stepping randomly (stuck).
  4201 | D:5      | 4201 ||| Stepping randomly (stuck).
  4202 | D:5      | 4202 ||| Stepping randomly (stuck).
  4203 | D:5      | 4203 ||| Stepping randomly (stuck).
  4204 | D:5      | 4204 ||| Stepping randomly (stuck).
  4205 | D:5      | 4205 ||| Stepping randomly (stuck).
  4206 | D:5      | 4206 ||| Stepping randomly (stuck).
  4207 | D:5      | 4207 ||| Stepping randomly (stuck).
  4208 | D:5      | 4208 ||| Stepping randomly (stuck).
  4209 | D:5      | 4209 ||| Stepping randomly (stuck).
  4210 | D:5      | 4210 ||| Stepping randomly (stuck).
  4211 | D:5      | 4211 ||| Stepping randomly (stuck).
  4212 | D:5      | 4212 ||| Stepping randomly (stuck).
  4213 | D:5      | 4213 ||| Stepping randomly (stuck).
  4214 | D:5      | 4214 ||| Stepping randomly (stuck).
  4215 | D:5      | 4215 ||| Stepping randomly (stuck).
  4216 | D:5      | 4216 ||| Stepping randomly (stuck).
  4217 | D:5      | 4217 ||| Stepping randomly (stuck).
  4218 | D:5      | 4218 ||| Stepping randomly (stuck).
  4219 | D:5      | 4219 ||| Stepping randomly (stuck).
  4220 | D:5      | 4220 ||| Stepping randomly (stuck).
  4221 | D:5      | 4221 ||| Stepping randomly (stuck).
  4222 | D:5      | 4222 ||| Stepping randomly (stuck).
  4223 | D:5      | 4223 ||| Stepping randomly (stuck).
  4224 | D:5      | 4224 ||| Stepping randomly (stuck).
  4225 | D:5      | 4225 ||| Stepping randomly (stuck).
  4226 | D:5      | 4226 ||| Stepping randomly (stuck).
  4227 | D:5      | 4227 ||| Stepping randomly (stuck).
  4228 | D:5      | 4228 ||| Stepping randomly (stuck).
  4229 | D:5      | 4229 ||| Stepping randomly (stuck).
  4230 | D:5      | 4230 ||| Stepping randomly (stuck).
  4231 | D:5      | 4231 ||| Stepping randomly (stuck).
  4232 | D:5      | 4232 ||| Stepping randomly (stuck).
  4233 | D:5      | 4233 ||| Stepping randomly (stuck).
  4234 | D:5      | 4234 ||| Stepping randomly (stuck).
  4235 | D:5      | 4235 ||| Stepping randomly (stuck).
  4236 | D:5      | 4236 ||| Stepping randomly (stuck).
  4237 | D:5      | 4237 ||| Stepping randomly (stuck).
  4238 | D:5      | 4238 ||| Stepping randomly (stuck).
  4239 | D:5      | 4239 ||| Stepping randomly (stuck).
  4240 | D:5      | 4240 ||| Stepping randomly (stuck).
  4241 | D:5      | 4241 ||| Stepping randomly (stuck).
  4242 | D:5      | 4242 ||| Stepping randomly (stuck).
  4243 | D:5      | 4243 ||| Stepping randomly (stuck).
  4244 | D:5      | 4244 ||| Stepping randomly (stuck).
  4245 | D:5      | 4245 ||| Stepping randomly (stuck).
  4246 | D:5      | 4246 ||| Stepping randomly (stuck).
  4247 | D:5      | 4247 ||| Stepping randomly (stuck).
  4248 | D:5      | 4248 ||| Stepping randomly (stuck).
  4249 | D:5      | 4249 ||| Stepping randomly (stuck).
  4250 | D:5      | 4250 ||| Stepping randomly (stuck).
  4251 | D:5      | 4251 ||| Stepping randomly (stuck).
  4252 | D:5      | 4252 ||| Stepping randomly (stuck).
  4253 | D:5      | 4253 ||| Stepping randomly (stuck).
  4254 | D:5      | 4254 ||| Stepping randomly (stuck).
  4255 | D:5      | 4255 ||| Stepping randomly (stuck).
  4256 | D:5      | 4256 ||| Stepping randomly (stuck).
  4257 | D:5      | 4257 ||| Stepping randomly (stuck).
  4258 | D:5      | 4258 ||| Stepping randomly (stuck).
  4259 | D:5      | 4259 ||| Stepping randomly (stuck).
  4260 | D:5      | 4260 ||| Stepping randomly (stuck).
  4261 | D:5      | 4261 ||| Stepping randomly (stuck).
  4262 | D:5      | 4262 ||| Stepping randomly (stuck).
  4263 | D:5      | 4263 ||| Stepping randomly (stuck).
  4264 | D:5      | 4264 ||| Stepping randomly (stuck).
  4265 | D:5      | 4265 ||| Stepping randomly (stuck).
  4266 | D:5      | 4266 ||| Stepping randomly (stuck).
  4267 | D:5      | 4267 ||| Stepping randomly (stuck).
  4268 | D:5      | 4268 ||| Stepping randomly (stuck).
  4269 | D:5      | 4269 ||| Stepping randomly (stuck).
  4270 | D:5      | 4270 ||| Stepping randomly (stuck).
  4271 | D:5      | 4271 ||| Stepping randomly (stuck).
  4272 | D:5      | 4272 ||| Stepping randomly (stuck).
  4273 | D:5      | 4273 ||| Stepping randomly (stuck).
  4274 | D:5      | 4274 ||| Stepping randomly (stuck).
  4275 | D:5      | 4275 ||| Stepping randomly (stuck).
  4276 | D:5      | 4276 ||| Stepping randomly (stuck).
  4277 | D:5      | 4277 ||| Stepping randomly (stuck).
  4278 | D:5      | 4278 ||| Stepping randomly (stuck).
  4279 | D:5      | 4279 ||| Stepping randomly (stuck).
  4280 | D:5      | 4280 ||| Stepping randomly (stuck).
  4281 | D:5      | 4281 ||| Stepping randomly (stuck).
  4282 | D:5      | 4282 ||| Stepping randomly (stuck).
  4283 | D:5      | 4283 ||| Stepping randomly (stuck).
  4284 | D:5      | 4284 ||| Stepping randomly (stuck).
  4285 | D:5      | 4285 ||| Stepping randomly (stuck).
  4286 | D:5      | 4286 ||| Stepping randomly (stuck).
  4287 | D:5      | 4287 ||| Stepping randomly (stuck).
  4288 | D:5      | 4288 ||| Stepping randomly (stuck).
  4289 | D:5      | 4289 ||| Stepping randomly (stuck).
  4290 | D:5      | 4290 ||| Stepping randomly (stuck).
  4291 | D:5      | 4291 ||| Stepping randomly (stuck).
  4292 | D:5      | 4292 ||| Stepping randomly (stuck).
  4293 | D:5      | 4293 ||| Stepping randomly (stuck).
  4294 | D:5      | 4294 ||| Stepping randomly (stuck).
  4295 | D:5      | 4295 ||| Stepping randomly (stuck).
  4296 | D:5      | 4296 ||| Stepping randomly (stuck).
  4297 | D:5      | 4297 ||| Stepping randomly (stuck).
  4298 | D:5      | 4298 ||| Stepping randomly (stuck).
  4299 | D:5      | 4299 ||| Stepping randomly (stuck).
  4300 | D:5      | 4300 ||| Stepping randomly (stuck).
  4301 | D:5      | 4301 ||| Stepping randomly (stuck).
  4302 | D:5      | 4302 ||| Stepping randomly (stuck).
  4303 | D:5      | 4303 ||| Stepping randomly (stuck).
  4304 | D:5      | 4304 ||| Stepping randomly (stuck).
  4305 | D:5      | 4305 ||| Stepping randomly (stuck).
  4306 | D:5      | 4306 ||| Stepping randomly (stuck).
  4307 | D:5      | 4307 ||| Stepping randomly (stuck).
  4308 | D:5      | 4308 ||| Stepping randomly (stuck).
  4309 | D:5      | 4309 ||| Stepping randomly (stuck).
  4310 | D:5      | 4310 ||| Stepping randomly (stuck).
  4311 | D:5      | 4311 ||| Stepping randomly (stuck).
  4312 | D:5      | 4312 ||| Stepping randomly (stuck).
  4313 | D:5      | 4313 ||| Stepping randomly (stuck).
  4314 | D:5      | 4314 ||| Stepping randomly (stuck).
  4315 | D:5      | 4315 ||| Stepping randomly (stuck).
  4316 | D:5      | 4316 ||| Stepping randomly (stuck).
  4317 | D:5      | 4317 ||| Stepping randomly (stuck).
  4318 | D:5      | 4318 ||| Stepping randomly (stuck).
  4319 | D:5      | 4319 ||| Stepping randomly (stuck).
  4320 | D:5      | 4320 ||| Stepping randomly (stuck).
  4321 | D:5      | 4321 ||| Stepping randomly (stuck).
  4322 | D:5      | 4322 ||| Stepping randomly (stuck).
  4323 | D:5      | 4323 ||| Stepping randomly (stuck).
  4324 | D:5      | 4324 ||| Stepping randomly (stuck).
  4325 | D:5      | 4325 ||| Stepping randomly (stuck).
  4326 | D:5      | 4326 ||| Stepping randomly (stuck).
  4327 | D:5      | 4327 ||| Stepping randomly (stuck).
  4328 | D:5      | 4328 ||| Stepping randomly (stuck).
  4329 | D:5      | 4329 ||| Stepping randomly (stuck).
  4330 | D:5      | 4330 ||| Stepping randomly (stuck).
  4331 | D:5      | 4331 ||| Stepping randomly (stuck).
  4332 | D:5      | 4332 ||| Stepping randomly (stuck).
  4333 | D:5      | 4333 ||| Stepping randomly (stuck).
  4334 | D:5      | 4334 ||| Stepping randomly (stuck).
  4335 | D:5      | 4335 ||| Stepping randomly (stuck).
  4336 | D:5      | 4336 ||| Stepping randomly (stuck).
  4337 | D:5      | 4337 ||| Stepping randomly (stuck).
  4338 | D:5      | 4338 ||| Stepping randomly (stuck).
  4339 | D:5      | 4339 ||| Stepping randomly (stuck).
  4340 | D:5      | 4340 ||| Stepping randomly (stuck).
  4341 | D:5      | 4341 ||| Stepping randomly (stuck).
  4342 | D:5      | 4342 ||| Stepping randomly (stuck).
  4343 | D:5      | 4343 ||| Stepping randomly (stuck).
  4344 | D:5      | 4344 ||| Stepping randomly (stuck).
  4345 | D:5      | 4345 ||| Stepping randomly (stuck).
  4346 | D:5      | 4346 ||| Stepping randomly (stuck).
  4347 | D:5      | 4347 ||| Stepping randomly (stuck).
  4348 | D:5      | 4348 ||| Stepping randomly (stuck).
  4349 | D:5      | 4349 ||| Stepping randomly (stuck).
  4350 | D:5      | 4350 ||| Stepping randomly (stuck).
  4351 | D:5      | 4351 ||| Stepping randomly (stuck).
  4352 | D:5      | 4352 ||| Stepping randomly (stuck).
  4353 | D:5      | 4353 ||| Stepping randomly (stuck).
  4354 | D:5      | 4354 ||| Stepping randomly (stuck).
  4355 | D:5      | 4355 ||| Stepping randomly (stuck).
  4356 | D:5      | 4356 ||| Stepping randomly (stuck).
  4357 | D:5      | 4357 ||| Stepping randomly (stuck).
  4358 | D:5      | 4358 ||| Stepping randomly (stuck).
  4359 | D:5      | 4359 ||| Stepping randomly (stuck).
  4360 | D:5      | 4360 ||| Stepping randomly (stuck).
  4361 | D:5      | 4361 ||| Stepping randomly (stuck).
  4362 | D:5      | 4362 ||| Stepping randomly (stuck).
  4363 | D:5      | 4363 ||| Stepping randomly (stuck).
  4364 | D:5      | 4364 ||| Stepping randomly (stuck).
  4365 | D:5      | 4365 ||| Stepping randomly (stuck).
  4366 | D:5      | 4366 ||| Stepping randomly (stuck).
  4367 | D:5      | 4367 ||| Stepping randomly (stuck).
  4368 | D:5      | 4368 ||| Stepping randomly (stuck).
  4369 | D:5      | 4369 ||| Stepping randomly (stuck).
  4370 | D:5      | 4370 ||| Stepping randomly (stuck).
  4371 | D:5      | 4371 ||| Stepping randomly (stuck).
  4372 | D:5      | 4372 ||| Stepping randomly (stuck).
  4373 | D:5      | 4373 ||| Stepping randomly (stuck).
  4374 | D:5      | 4374 ||| Stepping randomly (stuck).
  4375 | D:5      | 4375 ||| Stepping randomly (stuck).
  4376 | D:5      | 4376 ||| Stepping randomly (stuck).
  4377 | D:5      | 4377 ||| Stepping randomly (stuck).
  4378 | D:5      | 4378 ||| Stepping randomly (stuck).
  4379 | D:5      | 4379 ||| Stepping randomly (stuck).
  4380 | D:5      | 4380 ||| Stepping randomly (stuck).
  4381 | D:5      | 4381 ||| Stepping randomly (stuck).
  4382 | D:5      | 4382 ||| Stepping randomly (stuck).
  4383 | D:5      | 4383 ||| Stepping randomly (stuck).
  4384 | D:5      | 4384 ||| Stepping randomly (stuck).
  4385 | D:5      | 4385 ||| Stepping randomly (stuck).
  4386 | D:5      | 4386 ||| Stepping randomly (stuck).
  4387 | D:5      | 4387 ||| Stepping randomly (stuck).
  4388 | D:5      | 4388 ||| Stepping randomly (stuck).
  4389 | D:5      | 4389 ||| Stepping randomly (stuck).
  4390 | D:5      | 4390 ||| Stepping randomly (stuck).
  4391 | D:5      | 4391 ||| Stepping randomly (stuck).
  4392 | D:5      | 4392 ||| Stepping randomly (stuck).
  4393 | D:5      | 4393 ||| Stepping randomly (stuck).
  4394 | D:5      | 4394 ||| Stepping randomly (stuck).
  4395 | D:5      | 4395 ||| Stepping randomly (stuck).
  4396 | D:5      | 4396 ||| Stepping randomly (stuck).
  4397 | D:5      | 4397 ||| Stepping randomly (stuck).
  4398 | D:5      | 4398 ||| Stepping randomly (stuck).
  4399 | D:5      | 4399 ||| Stepping randomly (stuck).
  4400 | D:5      | 4400 ||| Stepping randomly (stuck).
  4401 | D:5      | 4401 ||| Stepping randomly (stuck).
  4402 | D:5      | 4402 ||| Stepping randomly (stuck).
  4403 | D:5      | 4403 ||| Stepping randomly (stuck).
  4404 | D:5      | 4404 ||| Stepping randomly (stuck).
  4405 | D:5      | 4405 ||| Stepping randomly (stuck).
  4406 | D:5      | 4406 ||| Stepping randomly (stuck).
  4407 | D:5      | 4407 ||| Stepping randomly (stuck).
  4408 | D:5      | 4408 ||| Stepping randomly (stuck).
  4409 | D:5      | 4409 ||| Stepping randomly (stuck).
  4410 | D:5      | 4410 ||| Stepping randomly (stuck).
  4411 | D:5      | 4411 ||| Stepping randomly (stuck).
  4412 | D:5      | 4412 ||| Stepping randomly (stuck).
  4413 | D:5      | 4413 ||| Stepping randomly (stuck).
  4414 | D:5      | 4414 ||| Stepping randomly (stuck).
  4415 | D:5      | 4415 ||| Stepping randomly (stuck).
  4416 | D:5      | 4416 ||| Stepping randomly (stuck).
  4417 | D:5      | 4417 ||| Stepping randomly (stuck).
  4418 | D:5      | 4418 ||| Stepping randomly (stuck).
  4419 | D:5      | 4419 ||| Stepping randomly (stuck).
  4420 | D:5      | 4420 ||| Stepping randomly (stuck).
  4421 | D:5      | 4421 ||| Stepping randomly (stuck).
  4422 | D:5      | 4422 ||| Stepping randomly (stuck).
  4423 | D:5      | 4423 ||| Stepping randomly (stuck).
  4424 | D:5      | 4424 ||| Stepping randomly (stuck).
  4425 | D:5      | 4425 ||| Stepping randomly (stuck).
  4426 | D:5      | 4426 ||| Stepping randomly (stuck).
  4427 | D:5      | 4427 ||| Stepping randomly (stuck).
  4428 | D:5      | 4428 ||| Stepping randomly (stuck).
  4429 | D:5      | 4429 ||| Stepping randomly (stuck).
  4430 | D:5      | 4430 ||| Stepping randomly (stuck).
  4431 | D:5      | 4431 ||| Stepping randomly (stuck).
  4432 | D:5      | 4432 ||| Stepping randomly (stuck).
  4433 | D:5      | 4433 ||| Stepping randomly (stuck).
  4434 | D:5      | 4434 ||| Stepping randomly (stuck).
  4435 | D:5      | 4435 ||| Stepping randomly (stuck).
  4436 | D:5      | 4436 ||| Stepping randomly (stuck).
  4437 | D:5      | 4437 ||| Stepping randomly (stuck).
  4438 | D:5      | 4438 ||| Stepping randomly (stuck).
  4439 | D:5      | 4439 ||| Stepping randomly (stuck).
  4440 | D:5      | 4440 ||| Stepping randomly (stuck).
  4441 | D:5      | 4441 ||| Stepping randomly (stuck).
  4442 | D:5      | 4442 ||| Stepping randomly (stuck).
  4443 | D:5      | 4443 ||| Stepping randomly (stuck).
  4444 | D:5      | 4444 ||| Stepping randomly (stuck).
  4445 | D:5      | 4445 ||| Stepping randomly (stuck).
  4446 | D:5      | 4446 ||| Stepping randomly (stuck).
  4447 | D:5      | 4447 ||| Stepping randomly (stuck).
  4448 | D:5      | 4448 ||| Stepping randomly (stuck).
  4449 | D:5      | 4449 ||| Stepping randomly (stuck).
  4450 | D:5      | 4450 ||| Stepping randomly (stuck).
  4451 | D:5      | 4451 ||| Stepping randomly (stuck).
  4452 | D:5      | 4452 ||| Stepping randomly (stuck).
  4453 | D:5      | 4453 ||| Stepping randomly (stuck).
  4454 | D:5      | 4454 ||| Stepping randomly (stuck).
  4455 | D:5      | 4455 ||| Stepping randomly (stuck).
  4456 | D:5      | 4456 ||| Stepping randomly (stuck).
  4457 | D:5      | 4457 ||| Stepping randomly (stuck).
  4458 | D:5      | 4458 ||| Stepping randomly (stuck).
  4459 | D:5      | 4459 ||| Stepping randomly (stuck).
  4460 | D:5      | 4460 ||| Stepping randomly (stuck).
  4461 | D:5      | 4461 ||| Stepping randomly (stuck).
  4462 | D:5      | 4462 ||| Stepping randomly (stuck).
  4463 | D:5      | 4463 ||| Stepping randomly (stuck).
  4464 | D:5      | 4464 ||| Stepping randomly (stuck).
  4465 | D:5      | 4465 ||| Stepping randomly (stuck).
  4466 | D:5      | 4466 ||| Stepping randomly (stuck).
  4467 | D:5      | 4467 ||| Stepping randomly (stuck).
  4468 | D:5      | 4468 ||| Stepping randomly (stuck).
  4469 | D:5      | 4469 ||| Stepping randomly (stuck).
  4470 | D:5      | 4470 ||| Stepping randomly (stuck).
  4471 | D:5      | 4471 ||| Stepping randomly (stuck).
  4472 | D:5      | 4472 ||| Stepping randomly (stuck).
  4473 | D:5      | 4473 ||| Stepping randomly (stuck).
  4474 | D:5      | 4474 ||| Stepping randomly (stuck).
  4475 | D:5      | 4475 ||| Stepping randomly (stuck).
  4476 | D:5      | 4476 ||| Stepping randomly (stuck).
  4477 | D:5      | 4477 ||| Stepping randomly (stuck).
  4478 | D:5      | 4478 ||| Stepping randomly (stuck).
  4479 | D:5      | 4479 ||| Stepping randomly (stuck).
  4480 | D:5      | 4480 ||| Stepping randomly (stuck).
  4481 | D:5      | 4481 ||| Stepping randomly (stuck).
  4482 | D:5      | 4482 ||| Stepping randomly (stuck).
  4483 | D:5      | 4483 ||| Stepping randomly (stuck).
  4484 | D:5      | 4484 ||| Stepping randomly (stuck).
  4485 | D:5      | 4485 ||| Stepping randomly (stuck).
  4486 | D:5      | 4486 ||| Stepping randomly (stuck).
  4487 | D:5      | 4487 ||| Stepping randomly (stuck).
  4488 | D:5      | 4488 ||| Stepping randomly (stuck).
  4489 | D:5      | 4489 ||| Stepping randomly (stuck).
  4490 | D:5      | 4490 ||| Stepping randomly (stuck).
  4491 | D:5      | 4491 ||| Stepping randomly (stuck).
  4492 | D:5      | 4492 ||| Stepping randomly (stuck).
  4493 | D:5      | 4493 ||| Stepping randomly (stuck).
  4494 | D:5      | 4494 ||| Stepping randomly (stuck).
  4495 | D:5      | 4495 ||| Stepping randomly (stuck).
  4496 | D:5      | 4496 ||| Stepping randomly (stuck).
  4497 | D:5      | 4497 ||| Stepping randomly (stuck).
  4498 | D:5      | 4498 ||| Stepping randomly (stuck).
  4499 | D:5      | 4499 ||| Stepping randomly (stuck).
  4500 | D:5      | 4500 ||| Stepping randomly (stuck).
  4501 | D:5      | 4501 ||| Stepping randomly (stuck).
  4502 | D:5      | 4502 ||| Stepping randomly (stuck).
  4503 | D:5      | 4503 ||| Stepping randomly (stuck).
  4504 | D:5      | 4504 ||| Stepping randomly (stuck).
  4505 | D:5      | 4505 ||| Stepping randomly (stuck).
  4506 | D:5      | 4506 ||| Stepping randomly (stuck).
  4507 | D:5      | 4507 ||| Stepping randomly (stuck).
  4508 | D:5      | 4508 ||| Stepping randomly (stuck).
  4509 | D:5      | 4509 ||| Stepping randomly (stuck).
  4510 | D:5      | 4510 ||| Stepping randomly (stuck).
  4511 | D:5      | 4511 ||| Stepping randomly (stuck).
  4512 | D:5      | 4512 ||| Stepping randomly (stuck).
  4513 | D:5      | 4513 ||| Stepping randomly (stuck).
  4514 | D:5      | 4514 ||| Stepping randomly (stuck).
  4515 | D:5      | 4515 ||| Stepping randomly (stuck).
  4516 | D:5      | 4516 ||| Stepping randomly (stuck).
  4517 | D:5      | 4517 ||| Stepping randomly (stuck).
  4518 | D:5      | 4518 ||| Stepping randomly (stuck).
  4519 | D:5      | 4519 ||| Stepping randomly (stuck).
  4520 | D:5      | 4520 ||| Stepping randomly (stuck).
  4521 | D:5      | 4521 ||| Stepping randomly (stuck).
  4522 | D:5      | 4522 ||| Stepping randomly (stuck).
  4523 | D:5      | 4523 ||| Stepping randomly (stuck).
  4524 | D:5      | 4524 ||| Stepping randomly (stuck).
  4525 | D:5      | 4525 ||| Stepping randomly (stuck).
  4526 | D:5      | 4526 ||| Stepping randomly (stuck).
  4527 | D:5      | 4527 ||| Stepping randomly (stuck).
  4528 | D:5      | 4528 ||| Stepping randomly (stuck).
  4529 | D:5      | 4529 ||| Stepping randomly (stuck).
  4530 | D:5      | 4530 ||| Stepping randomly (stuck).
  4531 | D:5      | 4531 ||| Stepping randomly (stuck).
  4532 | D:5      | 4532 ||| Stepping randomly (stuck).
  4533 | D:5      | 4533 ||| Stepping randomly (stuck).
  4534 | D:5      | 4534 ||| Stepping randomly (stuck).
  4535 | D:5      | 4535 ||| Stepping randomly (stuck).
  4536 | D:5      | 4536 ||| Stepping randomly (stuck).
  4537 | D:5      | 4537 ||| Stepping randomly (stuck).
  4538 | D:5      | 4538 ||| Stepping randomly (stuck).
  4539 | D:5      | 4539 ||| Stepping randomly (stuck).
  4540 | D:5      | 4540 ||| Stepping randomly (stuck).
  4541 | D:5      | 4541 ||| Stepping randomly (stuck).
  4542 | D:5      | 4542 ||| Stepping randomly (stuck).
  4543 | D:5      | 4543 ||| Stepping randomly (stuck).
  4544 | D:5      | 4544 ||| Stepping randomly (stuck).
  4545 | D:5      | 4545 ||| Stepping randomly (stuck).
  4546 | D:5      | 4546 ||| Stepping randomly (stuck).
  4547 | D:5      | 4547 ||| Stepping randomly (stuck).
  4548 | D:5      | 4548 ||| Stepping randomly (stuck).
  4549 | D:5      | 4549 ||| Stepping randomly (stuck).
  4550 | D:5      | 4550 ||| Stepping randomly (stuck).
  4551 | D:5      | 4551 ||| Stepping randomly (stuck).
  4552 | D:5      | 4552 ||| Stepping randomly (stuck).
  4553 | D:5      | 4553 ||| Stepping randomly (stuck).
  4554 | D:5      | 4554 ||| Stepping randomly (stuck).
  4555 | D:5      | 4555 ||| Stepping randomly (stuck).
  4556 | D:5      | 4556 ||| Stepping randomly (stuck).
  4557 | D:5      | 4557 ||| Stepping randomly (stuck).
  4558 | D:5      | 4558 ||| Stepping randomly (stuck).
  4559 | D:5      | 4559 ||| Stepping randomly (stuck).
  4560 | D:5      | 4560 ||| Stepping randomly (stuck).
  4561 | D:5      | 4561 ||| Stepping randomly (stuck).
  4562 | D:5      | 4562 ||| Stepping randomly (stuck).
  4563 | D:5      | 4563 ||| Stepping randomly (stuck).
  4564 | D:5      | 4564 ||| Stepping randomly (stuck).
  4565 | D:5      | 4565 ||| Stepping randomly (stuck).
  4566 | D:5      | 4566 ||| Stepping randomly (stuck).
  4567 | D:5      | 4567 ||| Stepping randomly (stuck).
  4568 | D:5      | 4568 ||| Stepping randomly (stuck).
  4569 | D:5      | 4569 ||| Stepping randomly (stuck).
  4570 | D:5      | 4570 ||| Stepping randomly (stuck).
  4571 | D:5      | 4571 ||| Stepping randomly (stuck).
  4572 | D:5      | 4572 ||| Stepping randomly (stuck).
  4573 | D:5      | 4573 ||| Stepping randomly (stuck).
  4574 | D:5      | 4574 ||| Stepping randomly (stuck).
  4575 | D:5      | 4575 ||| Stepping randomly (stuck).
  4576 | D:5      | 4576 ||| STAIRDANCE
  4580 | D:5      | 4580 ||| STAIRDANCE
  4584 | D:5      | 4584 ||| STAIRDANCE
  4588 | D:5      | 4588 ||| STAIRDANCE
  4592 | D:5      | 4592 ||| STAIRDANCE
  4596 | D:5      | 4596 ||| STAIRDANCE
  4600 | D:5      | 4600 ||| STAIRDANCE
  4604 | D:5      | 4604 ||| STAIRDANCE
  4608 | D:5      | 4608 ||| STAIRDANCE
  4612 | D:5      | 4612 ||| STAIRDANCE
  4616 | D:5      | 4616 ||| STAIRDANCE
  4620 | D:5      | 4620 ||| STAIRDANCE
  4624 | D:5      | 4624 ||| STAIRDANCE
  4628 | D:5      | 4628 ||| STAIRDANCE
  4632 | D:5      | 4632 ||| STAIRDANCE
  4636 | D:5      | 4636 ||| STAIRDANCE
  4640 | D:5      | 4640 ||| STAIRDANCE
  4644 | D:5      | 4644 ||| STAIRDANCE
  4648 | D:5      | 4648 ||| STAIRDANCE
  4652 | D:5      | 4652 ||| Stepping randomly (stuck).
  4653 | D:5      | 4653 ||| Stepping randomly (stuck).
  4654 | D:5      | 4654 ||| Stepping randomly (stuck).
  4655 | D:5      | 4655 ||| Stepping randomly (stuck).
  4656 | D:5      | 4656 ||| Stepping randomly (stuck).
  4657 | D:5      | 4657 ||| Stepping randomly (stuck).
  4658 | D:5      | 4658 ||| Stepping randomly (stuck).
  4659 | D:5      | 4659 ||| Stepping randomly (stuck).
  4660 | D:5      | 4660 ||| Stepping randomly (stuck).
  4661 | D:5      | 4661 ||| Stepping randomly (stuck).
  4662 | D:5      | 4662 ||| Stepping randomly (stuck).
  4663 | D:5      | 4663 ||| Stepping randomly (stuck).
  4664 | D:5      | 4664 ||| Stepping randomly (stuck).
  4665 | D:5      | 4665 ||| Stepping randomly (stuck).
  4666 | D:5      | 4666 ||| Stepping randomly (stuck).
  4667 | D:5      | 4667 ||| Stepping randomly (stuck).
  4668 | D:5      | 4668 ||| Stepping randomly (stuck).
  4669 | D:5      | 4669 ||| Stepping randomly (stuck).
  4670 | D:5      | 4670 ||| Stepping randomly (stuck).
  4671 | D:5      | 4671 ||| Stepping randomly (stuck).
  4672 | D:5      | 4672 ||| Stepping randomly (stuck).
  4673 | D:5      | 4673 ||| Stepping randomly (stuck).
  4674 | D:5      | 4674 ||| Stepping randomly (stuck).
  4675 | D:5      | 4675 ||| Stepping randomly (stuck).
  4676 | D:5      | 4676 ||| Stepping randomly (stuck).
  4677 | D:5      | 4677 ||| Stepping randomly (stuck).
  4678 | D:5      | 4678 ||| Stepping randomly (stuck).
  4679 | D:5      | 4679 ||| Stepping randomly (stuck).
  4680 | D:5      | 4680 ||| Stepping randomly (stuck).
  4681 | D:5      | 4681 ||| Stepping randomly (stuck).
  4682 | D:5      | 4682 ||| Stepping randomly (stuck).
  4683 | D:5      | 4683 ||| Stepping randomly (stuck).
  4684 | D:5      | 4684 ||| Stepping randomly (stuck).
  4685 | D:5      | 4685 ||| Stepping randomly (stuck).
  4686 | D:5      | 4686 ||| Stepping randomly (stuck).
  4687 | D:5      | 4687 ||| Stepping randomly (stuck).
  4688 | D:5      | 4688 ||| Stepping randomly (stuck).
  4689 | D:5      | 4689 ||| Stepping randomly (stuck).
  4690 | D:5      | 4690 ||| Stepping randomly (stuck).
  4691 | D:5      | 4691 ||| Stepping randomly (stuck).
  4692 | D:5      | 4692 ||| Stepping randomly (stuck).
  4693 | D:5      | 4693 ||| Stepping randomly (stuck).
  4694 | D:5      | 4694 ||| Stepping randomly (stuck).
  4695 | D:5      | 4695 ||| Stepping randomly (stuck).
  4696 | D:5      | 4696 ||| Stepping randomly (stuck).
  4697 | D:5      | 4697 ||| Stepping randomly (stuck).
  4698 | D:5      | 4698 ||| Stepping randomly (stuck).
  4699 | D:5      | 4699 ||| Stepping randomly (stuck).
  4700 | D:5      | 4700 ||| Stepping randomly (stuck).
  4701 | D:5      | 4701 ||| Stepping randomly (stuck).
  4702 | D:5      | 4702 ||| Stepping randomly (stuck).
  4703 | D:5      | 4703 ||| Stepping randomly (stuck).
  4704 | D:5      | 4704 ||| Stepping randomly (stuck).
  4705 | D:5      | 4705 ||| Stepping randomly (stuck).
  4706 | D:5      | 4706 ||| Stepping randomly (stuck).
  4707 | D:5      | 4707 ||| Stepping randomly (stuck).
  4708 | D:5      | 4708 ||| Stepping randomly (stuck).
  4709 | D:5      | 4709 ||| Stepping randomly (stuck).
  4710 | D:5      | 4710 ||| Stepping randomly (stuck).
  4711 | D:5      | 4711 ||| Stepping randomly (stuck).
  4712 | D:5      | 4712 ||| Stepping randomly (stuck).
  4713 | D:5      | 4713 ||| Stepping randomly (stuck).
  4714 | D:5      | 4714 ||| Stepping randomly (stuck).
  4715 | D:5      | 4715 ||| Stepping randomly (stuck).
  4716 | D:5      | 4716 ||| Stepping randomly (stuck).
  4717 | D:5      | 4717 ||| Stepping randomly (stuck).
  4718 | D:5      | 4718 ||| Stepping randomly (stuck).
  4719 | D:5      | 4719 ||| Stepping randomly (stuck).
  4720 | D:5      | 4720 ||| Stepping randomly (stuck).
  4721 | D:5      | 4721 ||| Stepping randomly (stuck).
  4722 | D:5      | 4722 ||| Stepping randomly (stuck).
  4723 | D:5      | 4723 ||| Stepping randomly (stuck).
  4724 | D:5      | 4724 ||| Stepping randomly (stuck).
  4725 | D:5      | 4725 ||| Stepping randomly (stuck).
  4726 | D:5      | 4726 ||| Stepping randomly (stuck).
  4727 | D:5      | 4727 ||| Stepping randomly (stuck).
  4728 | D:5      | 4728 ||| Stepping randomly (stuck).
  4729 | D:5      | 4729 ||| Stepping randomly (stuck).
  4730 | D:5      | 4730 ||| Stepping randomly (stuck).
  4731 | D:5      | 4731 ||| Stepping randomly (stuck).
  4732 | D:5      | 4732 ||| Stepping randomly (stuck).
  4733 | D:5      | 4733 ||| Stepping randomly (stuck).
  4734 | D:5      | 4734 ||| Stepping randomly (stuck).
  4735 | D:5      | 4735 ||| Stepping randomly (stuck).
  4736 | D:5      | 4736 ||| Stepping randomly (stuck).
  4737 | D:5      | 4737 ||| Stepping randomly (stuck).
  4738 | D:5      | 4738 ||| Stepping randomly (stuck).
  4739 | D:5      | 4739 ||| Stepping randomly (stuck).
  4740 | D:5      | 4740 ||| Stepping randomly (stuck).
  4741 | D:5      | 4741 ||| Stepping randomly (stuck).
  4742 | D:5      | 4742 ||| Stepping randomly (stuck).
  4743 | D:5      | 4743 ||| Stepping randomly (stuck).
  4744 | D:5      | 4744 ||| Stepping randomly (stuck).
  4745 | D:5      | 4745 ||| Stepping randomly (stuck).
  4746 | D:5      | 4746 ||| Stepping randomly (stuck).
  4747 | D:5      | 4747 ||| Stepping randomly (stuck).
  4748 | D:5      | 4748 ||| Stepping randomly (stuck).
  4749 | D:5      | 4749 ||| Stepping randomly (stuck).
  4750 | D:5      | 4750 ||| Stepping randomly (stuck).
  4751 | D:5      | 4751 ||| Stepping randomly (stuck).
  4752 | D:5      | 4752 ||| Stepping randomly (stuck).
  4753 | D:5      | 4753 ||| Stepping randomly (stuck).
  4754 | D:5      | 4754 ||| Stepping randomly (stuck).
  4755 | D:5      | 4755 ||| Stepping randomly (stuck).
  4756 | D:5      | 4756 ||| Stepping randomly (stuck).
  4757 | D:5      | 4757 ||| Stepping randomly (stuck).
  4758 | D:5      | 4758 ||| Stepping randomly (stuck).
  4759 | D:5      | 4759 ||| Stepping randomly (stuck).
  4760 | D:5      | 4760 ||| Stepping randomly (stuck).
  4761 | D:5      | 4761 ||| Stepping randomly (stuck).
  4762 | D:5      | 4762 ||| Stepping randomly (stuck).
  4763 | D:5      | 4763 ||| Stepping randomly (stuck).
  4764 | D:5      | 4764 ||| Stepping randomly (stuck).
  4765 | D:5      | 4765 ||| Stepping randomly (stuck).
  4766 | D:5      | 4766 ||| Stepping randomly (stuck).
  4767 | D:5      | 4767 ||| Stepping randomly (stuck).
  4768 | D:5      | 4768 ||| Stepping randomly (stuck).
  4769 | D:5      | 4769 ||| Stepping randomly (stuck).
  4770 | D:5      | 4770 ||| Stepping randomly (stuck).
  4771 | D:5      | 4771 ||| Stepping randomly (stuck).
  4772 | D:5      | 4772 ||| Stepping randomly (stuck).
  4773 | D:5      | 4773 ||| Stepping randomly (stuck).
  4774 | D:5      | 4774 ||| Stepping randomly (stuck).
  4775 | D:5      | 4775 ||| Stepping randomly (stuck).
  4776 | D:5      | 4776 ||| Stepping randomly (stuck).
  4777 | D:5      | 4777 ||| Stepping randomly (stuck).
  4778 | D:5      | 4778 ||| Stepping randomly (stuck).
  4779 | D:5      | 4779 ||| Stepping randomly (stuck).
  4780 | D:5      | 4780 ||| Stepping randomly (stuck).
  4781 | D:5      | 4781 ||| Stepping randomly (stuck).
  4782 | D:5      | 4782 ||| Stepping randomly (stuck).
  4783 | D:5      | 4783 ||| Stepping randomly (stuck).
  4784 | D:5      | 4784 ||| Stepping randomly (stuck).
  4785 | D:5      | 4785 ||| Stepping randomly (stuck).
  4786 | D:5      | 4786 ||| Stepping randomly (stuck).
  4787 | D:5      | 4787 ||| Stepping randomly (stuck).
  4788 | D:5      | 4788 ||| Stepping randomly (stuck).
  4789 | D:5      | 4789 ||| Stepping randomly (stuck).
  4790 | D:5      | 4790 ||| Stepping randomly (stuck).
  4791 | D:5      | 4791 ||| Stepping randomly (stuck).
  4792 | D:5      | 4792 ||| Stepping randomly (stuck).
  4793 | D:5      | 4793 ||| Stepping randomly (stuck).
  4794 | D:5      | 4794 ||| Stepping randomly (stuck).
  4795 | D:5      | 4795 ||| Stepping randomly (stuck).
  4796 | D:5      | 4796 ||| Stepping randomly (stuck).
  4797 | D:5      | 4797 ||| Stepping randomly (stuck).
  4798 | D:5      | 4798 ||| Stepping randomly (stuck).
  4799 | D:5      | 4799 ||| Stepping randomly (stuck).
  4800 | D:5      | 4800 ||| Stepping randomly (stuck).
  4801 | D:5      | 4801 ||| Stepping randomly (stuck).
  4802 | D:5      | 4802 ||| Stepping randomly (stuck).
  4803 | D:5      | 4803 ||| Stepping randomly (stuck).
  4804 | D:5      | 4804 ||| Stepping randomly (stuck).
  4805 | D:5      | 4805 ||| Stepping randomly (stuck).
  4806 | D:5      | 4806 ||| Stepping randomly (stuck).
  4807 | D:5      | 4807 ||| Stepping randomly (stuck).
  4808 | D:5      | 4808 ||| Stepping randomly (stuck).
  4809 | D:5      | 4809 ||| Stepping randomly (stuck).
  4810 | D:5      | 4810 ||| Stepping randomly (stuck).
  4811 | D:5      | 4811 ||| Stepping randomly (stuck).
  4812 | D:5      | 4812 ||| Stepping randomly (stuck).
  4813 | D:5      | 4813 ||| Stepping randomly (stuck).
  4814 | D:5      | 4814 ||| Stepping randomly (stuck).
  4815 | D:5      | 4815 ||| Stepping randomly (stuck).
  4816 | D:5      | 4816 ||| Stepping randomly (stuck).
  4817 | D:5      | 4817 ||| Stepping randomly (stuck).
  4818 | D:5      | 4818 ||| Stepping randomly (stuck).
  4819 | D:5      | 4819 ||| Stepping randomly (stuck).
  4820 | D:5      | 4820 ||| Stepping randomly (stuck).
  4821 | D:5      | 4821 ||| Stepping randomly (stuck).
  4822 | D:5      | 4822 ||| Stepping randomly (stuck).
  4823 | D:5      | 4823 ||| Stepping randomly (stuck).
  4824 | D:5      | 4824 ||| Stepping randomly (stuck).
  4825 | D:5      | 4825 ||| Stepping randomly (stuck).
  4826 | D:5      | 4826 ||| Stepping randomly (stuck).
  4827 | D:5      | 4827 ||| Stepping randomly (stuck).
  4828 | D:5      | 4828 ||| Stepping randomly (stuck).
  4829 | D:5      | 4829 ||| Stepping randomly (stuck).
  4830 | D:5      | 4830 ||| Stepping randomly (stuck).
  4831 | D:5      | 4831 ||| Stepping randomly (stuck).
  4832 | D:5      | 4832 ||| Stepping randomly (stuck).
  4833 | D:5      | 4833 ||| Stepping randomly (stuck).
  4834 | D:5      | 4834 ||| Stepping randomly (stuck).
  4835 | D:5      | 4835 ||| Stepping randomly (stuck).
  4836 | D:5      | 4836 ||| Stepping randomly (stuck).
  4837 | D:5      | 4837 ||| Stepping randomly (stuck).
  4838 | D:5      | 4838 ||| Stepping randomly (stuck).
  4839 | D:5      | 4839 ||| Stepping randomly (stuck).
  4840 | D:5      | 4840 ||| Stepping randomly (stuck).
  4841 | D:5      | 4841 ||| Stepping randomly (stuck).
  4842 | D:5      | 4842 ||| Stepping randomly (stuck).
  4843 | D:5      | 4843 ||| Stepping randomly (stuck).
  4844 | D:5      | 4844 ||| Stepping randomly (stuck).
  4845 | D:5      | 4845 ||| Stepping randomly (stuck).
  4846 | D:5      | 4846 ||| Stepping randomly (stuck).
  4847 | D:5      | 4847 ||| Stepping randomly (stuck).
  4848 | D:5      | 4848 ||| Stepping randomly (stuck).
  4849 | D:5      | 4849 ||| Stepping randomly (stuck).
  4850 | D:5      | 4850 ||| Stepping randomly (stuck).
  4851 | D:5      | 4851 ||| Stepping randomly (stuck).
  4852 | D:5      | 4852 ||| Stepping randomly (stuck).
  4853 | D:5      | 4853 ||| Stepping randomly (stuck).
  4854 | D:5      | 4854 ||| Stepping randomly (stuck).
  4855 | D:5      | 4855 ||| Stepping randomly (stuck).
  4856 | D:5      | 4856 ||| Stepping randomly (stuck).
  4857 | D:5      | 4857 ||| Stepping randomly (stuck).
  4858 | D:5      | 4858 ||| Stepping randomly (stuck).
  4859 | D:5      | 4859 ||| Stepping randomly (stuck).
  4860 | D:5      | 4860 ||| Stepping randomly (stuck).
  4861 | D:5      | 4861 ||| Stepping randomly (stuck).
  4862 | D:5      | 4862 ||| Stepping randomly (stuck).
  4863 | D:5      | 4863 ||| Stepping randomly (stuck).
  4864 | D:5      | 4864 ||| Stepping randomly (stuck).
  4865 | D:5      | 4865 ||| Stepping randomly (stuck).
  4866 | D:5      | 4866 ||| Stepping randomly (stuck).
  4867 | D:5      | 4867 ||| Stepping randomly (stuck).
  4868 | D:5      | 4868 ||| Stepping randomly (stuck).
  4869 | D:5      | 4869 ||| Stepping randomly (stuck).
  4870 | D:5      | 4870 ||| Stepping randomly (stuck).
  4871 | D:5      | 4871 ||| Stepping randomly (stuck).
  4872 | D:5      | 4872 ||| Stepping randomly (stuck).
  4873 | D:5      | 4873 ||| Stepping randomly (stuck).
  4874 | D:5      | 4874 ||| Stepping randomly (stuck).
  4875 | D:5      | 4875 ||| Stepping randomly (stuck).
  4876 | D:5      | 4876 ||| Stepping randomly (stuck).
  4877 | D:5      | 4877 ||| Stepping randomly (stuck).
  4878 | D:5      | 4878 ||| Stepping randomly (stuck).
  4879 | D:5      | 4879 ||| Stepping randomly (stuck).
  4880 | D:5      | 4880 ||| Stepping randomly (stuck).
  4881 | D:5      | 4881 ||| Stepping randomly (stuck).
  4882 | D:5      | 4882 ||| Stepping randomly (stuck).
  4883 | D:5      | 4883 ||| Stepping randomly (stuck).
  4884 | D:5      | 4884 ||| Stepping randomly (stuck).
  4885 | D:5      | 4885 ||| Stepping randomly (stuck).
  4886 | D:5      | 4886 ||| Stepping randomly (stuck).
  4887 | D:5      | 4887 ||| Stepping randomly (stuck).
  4888 | D:5      | 4888 ||| Stepping randomly (stuck).
  4889 | D:5      | 4889 ||| Stepping randomly (stuck).
  4890 | D:5      | 4890 ||| Stepping randomly (stuck).
  4891 | D:5      | 4891 ||| Stepping randomly (stuck).
  4892 | D:5      | 4892 ||| Stepping randomly (stuck).
  4893 | D:5      | 4893 ||| Stepping randomly (stuck).
  4894 | D:5      | 4894 ||| Stepping randomly (stuck).
  4895 | D:5      | 4895 ||| Stepping randomly (stuck).
  4896 | D:5      | 4896 ||| Stepping randomly (stuck).
  4897 | D:5      | 4897 ||| Stepping randomly (stuck).
  4898 | D:5      | 4898 ||| Stepping randomly (stuck).
  4899 | D:5      | 4899 ||| Stepping randomly (stuck).
  4900 | D:5      | 4900 ||| Stepping randomly (stuck).
  4901 | D:5      | 4901 ||| Stepping randomly (stuck).
  4902 | D:5      | 4902 ||| Stepping randomly (stuck).
  4903 | D:5      | 4903 ||| Stepping randomly (stuck).
  4904 | D:5      | 4904 ||| Stepping randomly (stuck).
  4905 | D:5      | 4905 ||| Stepping randomly (stuck).
  4906 | D:5      | 4906 ||| Stepping randomly (stuck).
  4907 | D:5      | 4907 ||| Stepping randomly (stuck).
  4908 | D:5      | 4908 ||| Stepping randomly (stuck).
  4909 | D:5      | 4909 ||| Stepping randomly (stuck).
  4910 | D:5      | 4910 ||| Stepping randomly (stuck).
  4911 | D:5      | 4911 ||| Stepping randomly (stuck).
  4912 | D:5      | 4912 ||| Stepping randomly (stuck).
  4913 | D:5      | 4913 ||| Stepping randomly (stuck).
  4914 | D:5      | 4914 ||| Stepping randomly (stuck).
  4915 | D:5      | 4915 ||| Stepping randomly (stuck).
  4916 | D:5      | 4916 ||| Stepping randomly (stuck).
  4917 | D:5      | 4917 ||| Stepping randomly (stuck).
  4918 | D:5      | 4918 ||| Stepping randomly (stuck).
  4919 | D:5      | 4919 ||| Stepping randomly (stuck).
  4920 | D:5      | 4920 ||| Stepping randomly (stuck).
  4921 | D:5      | 4921 ||| Stepping randomly (stuck).
  4922 | D:5      | 4922 ||| Stepping randomly (stuck).
  4923 | D:5      | 4923 ||| Stepping randomly (stuck).
  4924 | D:5      | 4924 ||| Stepping randomly (stuck).
  4925 | D:5      | 4925 ||| Stepping randomly (stuck).
  4926 | D:5      | 4926 ||| Stepping randomly (stuck).
  4927 | D:5      | 4927 ||| Stepping randomly (stuck).
  4928 | D:5      | 4928 ||| Stepping randomly (stuck).
  4929 | D:5      | 4929 ||| Stepping randomly (stuck).
  4930 | D:5      | 4930 ||| Stepping randomly (stuck).
  4931 | D:5      | 4931 ||| Stepping randomly (stuck).
  4932 | D:5      | 4932 ||| Stepping randomly (stuck).
  4933 | D:5      | 4933 ||| Stepping randomly (stuck).
  4934 | D:5      | 4934 ||| Stepping randomly (stuck).
  4935 | D:5      | 4935 ||| Stepping randomly (stuck).
  4936 | D:5      | 4936 ||| Stepping randomly (stuck).
  4937 | D:5      | 4937 ||| Stepping randomly (stuck).
  4938 | D:5      | 4938 ||| Stepping randomly (stuck).
  4939 | D:5      | 4939 ||| Stepping randomly (stuck).
  4940 | D:5      | 4940 ||| Stepping randomly (stuck).
  4941 | D:5      | 4941 ||| Stepping randomly (stuck).
  4942 | D:5      | 4942 ||| Stepping randomly (stuck).
  4943 | D:5      | 4943 ||| Stepping randomly (stuck).
  4944 | D:5      | 4944 ||| Stepping randomly (stuck).
  4945 | D:5      | 4945 ||| Stepping randomly (stuck).
  4946 | D:5      | 4946 ||| Stepping randomly (stuck).
  4947 | D:5      | 4947 ||| Stepping randomly (stuck).
  4948 | D:5      | 4948 ||| Stepping randomly (stuck).
  4949 | D:5      | 4949 ||| Stepping randomly (stuck).
  4950 | D:5      | 4950 ||| Stepping randomly (stuck).
  4951 | D:5      | 4951 ||| Stepping randomly (stuck).
  4952 | D:5      | 4952 ||| Stepping randomly (stuck).
  4953 | D:5      | 4953 ||| Stepping randomly (stuck).
  4954 | D:5      | 4954 ||| Stepping randomly (stuck).
  4955 | D:5      | 4955 ||| Stepping randomly (stuck).
  4956 | D:5      | 4956 ||| Stepping randomly (stuck).
  4957 | D:5      | 4957 ||| Stepping randomly (stuck).
  4958 | D:5      | 4958 ||| Stepping randomly (stuck).
  4959 | D:5      | 4959 ||| Stepping randomly (stuck).
  4960 | D:5      | 4960 ||| Stepping randomly (stuck).
  4961 | D:5      | 4961 ||| Stepping randomly (stuck).
  4962 | D:5      | 4962 ||| Stepping randomly (stuck).
  4963 | D:5      | 4963 ||| Stepping randomly (stuck).
  4964 | D:5      | 4964 ||| Stepping randomly (stuck).
  4965 | D:5      | 4965 ||| Stepping randomly (stuck).
  4966 | D:5      | 4966 ||| Stepping randomly (stuck).
  4967 | D:5      | 4967 ||| Stepping randomly (stuck).
  4968 | D:5      | 4968 ||| Stepping randomly (stuck).
  4969 | D:5      | 4969 ||| Stepping randomly (stuck).
  4970 | D:5      | 4970 ||| Stepping randomly (stuck).
  4971 | D:5      | 4971 ||| Stepping randomly (stuck).
  4972 | D:5      | 4972 ||| Stepping randomly (stuck).
  4973 | D:5      | 4973 ||| Stepping randomly (stuck).
  4974 | D:5      | 4974 ||| Stepping randomly (stuck).
  4975 | D:5      | 4975 ||| Stepping randomly (stuck).
  4976 | D:5      | 4976 ||| Stepping randomly (stuck).
  4977 | D:5      | 4977 ||| Stepping randomly (stuck).
  4978 | D:5      | 4978 ||| Stepping randomly (stuck).
  4979 | D:5      | 4979 ||| Stepping randomly (stuck).
  4980 | D:5      | 4980 ||| Stepping randomly (stuck).
  4981 | D:5      | 4981 ||| Stepping randomly (stuck).
  4982 | D:5      | 4982 ||| Stepping randomly (stuck).
  4983 | D:5      | 4983 ||| Stepping randomly (stuck).
  4984 | D:5      | 4984 ||| Stepping randomly (stuck).
  4985 | D:5      | 4985 ||| Stepping randomly (stuck).
  4986 | D:5      | 4986 ||| Stepping randomly (stuck).
  4987 | D:5      | 4987 ||| Stepping randomly (stuck).
  4988 | D:5      | 4988 ||| Stepping randomly (stuck).
  4989 | D:5      | 4989 ||| Stepping randomly (stuck).
  4990 | D:5      | 4990 ||| Stepping randomly (stuck).
  4991 | D:5      | 4991 ||| Stepping randomly (stuck).
  4992 | D:5      | 4992 ||| Stepping randomly (stuck).
  4993 | D:5      | 4993 ||| Stepping randomly (stuck).
  4994 | D:5      | 4994 ||| Stepping randomly (stuck).
  4995 | D:5      | 4995 ||| Stepping randomly (stuck).
  4996 | D:5      | 4996 ||| Stepping randomly (stuck).
  4997 | D:5      | 4997 ||| Stepping randomly (stuck).
  4998 | D:5      | 4998 ||| Stepping randomly (stuck).
  4999 | D:5      | 4999 ||| Stepping randomly (stuck).
  5000 | D:5      | 5000 ||| Stepping randomly (stuck).
  5001 | D:5      | 5001 ||| Stepping randomly (stuck).
  5002 | D:5      | 5002 ||| Stepping randomly (stuck).
  5003 | D:5      | 5003 ||| Stepping randomly (stuck).
  5004 | D:5      | 5004 ||| Stepping randomly (stuck).
  5005 | D:5      | 5005 ||| Stepping randomly (stuck).
  5006 | D:5      | 5006 ||| Stepping randomly (stuck).
  5007 | D:5      | 5007 ||| Stepping randomly (stuck).
  5008 | D:5      | 5008 ||| Stepping randomly (stuck).
  5009 | D:5      | 5009 ||| Stepping randomly (stuck).
  5010 | D:5      | 5010 ||| Stepping randomly (stuck).
  5011 | D:5      | 5011 ||| Stepping randomly (stuck).
  5012 | D:5      | 5012 ||| Stepping randomly (stuck).
  5013 | D:5      | 5013 ||| Stepping randomly (stuck).
  5014 | D:5      | 5014 ||| Stepping randomly (stuck).
  5015 | D:5      | 5015 ||| Stepping randomly (stuck).
  5016 | D:5      | 5016 ||| Stepping randomly (stuck).
  5017 | D:5      | 5017 ||| Stepping randomly (stuck).
  5018 | D:5      | 5018 ||| Stepping randomly (stuck).
  5019 | D:5      | 5019 ||| Stepping randomly (stuck).
  5020 | D:5      | 5020 ||| Stepping randomly (stuck).
  5021 | D:5      | 5021 ||| Stepping randomly (stuck).
  5022 | D:5      | 5022 ||| Stepping randomly (stuck).
  5023 | D:5      | 5023 ||| Stepping randomly (stuck).
  5024 | D:5      | 5024 ||| Stepping randomly (stuck).
  5025 | D:5      | 5025 ||| Stepping randomly (stuck).
  5026 | D:5      | 5026 ||| Stepping randomly (stuck).
  5027 | D:5      | 5027 ||| Stepping randomly (stuck).
  5028 | D:5      | 5028 ||| Stepping randomly (stuck).
  5029 | D:5      | 5029 ||| Stepping randomly (stuck).
  5030 | D:5      | 5030 ||| Stepping randomly (stuck).
  5031 | D:5      | 5031 ||| Stepping randomly (stuck).
  5032 | D:5      | 5032 ||| Stepping randomly (stuck).
  5033 | D:5      | 5033 ||| Stepping randomly (stuck).
  5034 | D:5      | 5034 ||| Stepping randomly (stuck).
  5035 | D:5      | 5035 ||| Stepping randomly (stuck).
  5036 | D:5      | 5036 ||| Stepping randomly (stuck).
  5037 | D:5      | 5037 ||| Stepping randomly (stuck).
  5038 | D:5      | 5038 ||| Stepping randomly (stuck).
  5039 | D:5      | 5039 ||| Stepping randomly (stuck).
  5040 | D:5      | 5040 ||| Stepping randomly (stuck).
  5041 | D:5      | 5041 ||| Stepping randomly (stuck).
  5042 | D:5      | 5042 ||| Stepping randomly (stuck).
  5043 | D:5      | 5043 ||| Stepping randomly (stuck).
  5044 | D:5      | 5044 ||| Stepping randomly (stuck).
  5045 | D:5      | 5045 ||| Stepping randomly (stuck).
  5046 | D:5      | 5046 ||| Stepping randomly (stuck).
  5047 | D:5      | 5047 ||| Stepping randomly (stuck).
  5048 | D:5      | 5048 ||| Stepping randomly (stuck).
  5049 | D:5      | 5049 ||| Stepping randomly (stuck).
  5050 | D:5      | 5050 ||| Stepping randomly (stuck).
  5051 | D:5      | 5051 ||| Stepping randomly (stuck).
  5052 | D:5      | 5052 ||| Stepping randomly (stuck).
  5053 | D:5      | 5053 ||| Stepping randomly (stuck).
  5054 | D:5      | 5054 ||| Stepping randomly (stuck).
  5055 | D:5      | 5055 ||| Stepping randomly (stuck).
  5056 | D:5      | 5056 ||| Stepping randomly (stuck).
  5057 | D:5      | 5057 ||| Stepping randomly (stuck).
  5058 | D:5      | 5058 ||| Stepping randomly (stuck).
  5059 | D:5      | 5059 ||| Stepping randomly (stuck).
  5060 | D:5      | 5060 ||| Stepping randomly (stuck).
  5061 | D:5      | 5061 ||| Stepping randomly (stuck).
  5062 | D:5      | 5062 ||| Stepping randomly (stuck).
  5063 | D:5      | 5063 ||| Stepping randomly (stuck).
  5064 | D:5      | 5064 ||| Stepping randomly (stuck).
  5065 | D:5      | 5065 ||| Stepping randomly (stuck).
  5066 | D:5      | 5066 ||| Stepping randomly (stuck).
  5067 | D:5      | 5067 ||| Stepping randomly (stuck).
  5068 | D:5      | 5068 ||| Stepping randomly (stuck).
  5069 | D:5      | 5069 ||| Stepping randomly (stuck).
  5070 | D:5      | 5070 ||| Stepping randomly (stuck).
  5071 | D:5      | 5071 ||| Stepping randomly (stuck).
  5072 | D:5      | 5072 ||| Stepping randomly (stuck).
  5073 | D:5      | 5073 ||| Stepping randomly (stuck).
  5074 | D:5      | 5074 ||| Stepping randomly (stuck).
  5075 | D:5      | 5075 ||| Stepping randomly (stuck).
  5076 | D:5      | 5076 ||| Stepping randomly (stuck).
  5077 | D:5      | 5077 ||| Stepping randomly (stuck).
  5078 | D:5      | 5078 ||| Stepping randomly (stuck).
  5079 | D:5      | 5079 ||| Stepping randomly (stuck).
  5080 | D:5      | 5080 ||| Stepping randomly (stuck).
  5081 | D:5      | 5081 ||| Stepping randomly (stuck).
  5082 | D:5      | 5082 ||| Stepping randomly (stuck).
  5083 | D:5      | 5083 ||| Stepping randomly (stuck).
  5084 | D:5      | 5084 ||| Stepping randomly (stuck).
  5085 | D:5      | 5085 ||| Stepping randomly (stuck).
  5086 | D:5      | 5086 ||| Stepping randomly (stuck).
  5087 | D:5      | 5087 ||| Stepping randomly (stuck).
  5088 | D:5      | 5088 ||| Stepping randomly (stuck).
  5089 | D:5      | 5089 ||| Stepping randomly (stuck).
  5090 | D:5      | 5090 ||| Stepping randomly (stuck).
  5091 | D:5      | 5091 ||| Stepping randomly (stuck).
  5092 | D:5      | 5092 ||| Stepping randomly (stuck).
  5093 | D:5      | 5093 ||| Stepping randomly (stuck).
  5094 | D:5      | 5094 ||| Stepping randomly (stuck).
  5095 | D:5      | 5095 ||| Stepping randomly (stuck).
  5096 | D:5      | 5096 ||| Stepping randomly (stuck).
  5097 | D:5      | 5097 ||| Stepping randomly (stuck).
  5098 | D:5      | 5098 ||| Stepping randomly (stuck).
  5099 | D:5      | 5099 ||| Stepping randomly (stuck).
  5100 | D:5      | 5100 ||| Stepping randomly (stuck).
  5101 | D:5      | 5101 ||| Stepping randomly (stuck).
  5102 | D:5      | 5102 ||| Stepping randomly (stuck).
  5103 | D:5      | 5103 ||| Stepping randomly (stuck).
  5104 | D:5      | 5104 ||| Stepping randomly (stuck).
  5105 | D:5      | 5105 ||| Stepping randomly (stuck).
  5106 | D:5      | 5106 ||| Stepping randomly (stuck).
  5107 | D:5      | 5107 ||| Stepping randomly (stuck).
  5108 | D:5      | 5108 ||| Stepping randomly (stuck).
  5109 | D:5      | 5109 ||| Stepping randomly (stuck).
  5110 | D:5      | 5110 ||| Stepping randomly (stuck).
  5111 | D:5      | 5111 ||| Stepping randomly (stuck).
  5112 | D:5      | 5112 ||| Stepping randomly (stuck).
  5113 | D:5      | 5113 ||| Stepping randomly (stuck).
  5114 | D:5      | 5114 ||| Stepping randomly (stuck).
  5115 | D:5      | 5115 ||| Stepping randomly (stuck).
  5116 | D:5      | 5116 ||| Stepping randomly (stuck).
  5117 | D:5      | 5117 ||| Stepping randomly (stuck).
  5118 | D:5      | 5118 ||| Stepping randomly (stuck).
  5119 | D:5      | 5119 ||| Stepping randomly (stuck).
  5120 | D:5      | 5120 ||| Stepping randomly (stuck).
  5121 | D:5      | 5121 ||| Stepping randomly (stuck).
  5122 | D:5      | 5122 ||| Stepping randomly (stuck).
  5123 | D:5      | 5123 ||| Stepping randomly (stuck).
  5124 | D:5      | 5124 ||| Stepping randomly (stuck).
  5125 | D:5      | 5125 ||| Stepping randomly (stuck).
  5126 | D:5      | 5126 ||| Stepping randomly (stuck).
  5127 | D:5      | 5127 ||| Stepping randomly (stuck).
  5128 | D:5      | 5128 ||| Stepping randomly (stuck).
  5129 | D:5      | 5129 ||| Stepping randomly (stuck).
  5130 | D:5      | 5130 ||| Stepping randomly (stuck).
  5131 | D:5      | 5131 ||| Stepping randomly (stuck).
  5132 | D:5      | 5132 ||| Stepping randomly (stuck).
  5133 | D:5      | 5133 ||| Stepping randomly (stuck).
  5134 | D:5      | 5134 ||| Stepping randomly (stuck).
  5135 | D:5      | 5135 ||| Stepping randomly (stuck).
  5136 | D:5      | 5136 ||| Stepping randomly (stuck).
  5137 | D:5      | 5137 ||| Stepping randomly (stuck).
  5138 | D:5      | 5138 ||| Stepping randomly (stuck).
  5139 | D:5      | 5139 ||| Stepping randomly (stuck).
  5140 | D:5      | 5140 ||| Stepping randomly (stuck).
  5141 | D:5      | 5141 ||| Stepping randomly (stuck).
  5142 | D:5      | 5142 ||| Stepping randomly (stuck).
  5143 | D:5      | 5143 ||| Stepping randomly (stuck).
  5144 | D:5      | 5144 ||| Stepping randomly (stuck).
  5145 | D:5      | 5145 ||| Stepping randomly (stuck).
  5146 | D:5      | 5146 ||| Stepping randomly (stuck).
  5147 | D:5      | 5147 ||| Stepping randomly (stuck).
  5148 | D:5      | 5148 ||| Stepping randomly (stuck).
  5149 | D:5      | 5149 ||| Stepping randomly (stuck).
  5150 | D:5      | 5150 ||| Stepping randomly (stuck).
  5151 | D:5      | 5151 ||| Stepping randomly (stuck).
  5152 | D:5      | 5152 ||| Stepping randomly (stuck).
  5153 | D:5      | 5153 ||| Stepping randomly (stuck).
  5154 | D:5      | 5154 ||| Stepping randomly (stuck).
  5155 | D:5      | 5155 ||| Stepping randomly (stuck).
  5156 | D:5      | 5156 ||| Stepping randomly (stuck).
  5157 | D:5      | 5157 ||| Stepping randomly (stuck).
  5158 | D:5      | 5158 ||| Stepping randomly (stuck).
  5159 | D:5      | 5159 ||| Stepping randomly (stuck).
  5160 | D:5      | 5160 ||| Stepping randomly (stuck).
  5161 | D:5      | 5161 ||| Stepping randomly (stuck).
  5162 | D:5      | 5162 ||| Stepping randomly (stuck).
  5163 | D:5      | 5163 ||| Stepping randomly (stuck).
  5164 | D:5      | 5164 ||| Stepping randomly (stuck).
  5165 | D:5      | 5165 ||| Stepping randomly (stuck).
  5166 | D:5      | 5166 ||| Stepping randomly (stuck).
  5167 | D:5      | 5167 ||| Stepping randomly (stuck).
  5168 | D:5      | 5168 ||| Stepping randomly (stuck).
  5169 | D:5      | 5169 ||| Stepping randomly (stuck).
  5170 | D:5      | 5170 ||| Stepping randomly (stuck).
  5171 | D:5      | 5171 ||| Stepping randomly (stuck).
  5172 | D:5      | 5172 ||| Stepping randomly (stuck).
  5173 | D:5      | 5173 ||| Stepping randomly (stuck).
  5174 | D:5      | 5174 ||| Stepping randomly (stuck).
  5175 | D:5      | 5175 ||| Stepping randomly (stuck).
  5176 | D:5      | 5176 ||| Stepping randomly (stuck).
  5177 | D:5      | 5177 ||| Stepping randomly (stuck).
  5178 | D:5      | 5178 ||| Stepping randomly (stuck).
  5179 | D:5      | 5179 ||| Stepping randomly (stuck).
  5180 | D:5      | 5180 ||| Stepping randomly (stuck).
  5181 | D:5      | 5181 ||| Stepping randomly (stuck).
  5182 | D:5      | 5182 ||| Stepping randomly (stuck).
  5183 | D:5      | 5183 ||| Stepping randomly (stuck).
  5184 | D:5      | 5184 ||| Stepping randomly (stuck).
  5185 | D:5      | 5185 ||| Stepping randomly (stuck).
  5186 | D:5      | 5186 ||| Stepping randomly (stuck).
  5187 | D:5      | 5187 ||| Stepping randomly (stuck).
  5188 | D:5      | 5188 ||| Stepping randomly (stuck).
  5189 | D:5      | 5189 ||| Stepping randomly (stuck).
  5190 | D:5      | 5190 ||| Stepping randomly (stuck).
  5191 | D:5      | 5191 ||| Stepping randomly (stuck).
  5192 | D:5      | 5192 ||| Stepping randomly (stuck).
  5193 | D:5      | 5193 ||| Stepping randomly (stuck).
  5194 | D:5      | 5194 ||| Stepping randomly (stuck).
  5195 | D:5      | 5195 ||| Stepping randomly (stuck).
  5196 | D:5      | 5196 ||| Stepping randomly (stuck).
  5197 | D:5      | 5197 ||| Stepping randomly (stuck).
  5198 | D:5      | 5198 ||| Stepping randomly (stuck).
  5199 | D:5      | 5199 ||| Stepping randomly (stuck).
  5200 | D:5      | 5200 ||| Stepping randomly (stuck).
  5201 | D:5      | 5201 ||| Stepping randomly (stuck).
  5202 | D:5      | 5202 ||| Stepping randomly (stuck).
  5203 | D:5      | 5203 ||| Stepping randomly (stuck).
  5204 | D:5      | 5204 ||| Stepping randomly (stuck).
  5205 | D:5      | 5205 ||| Stepping randomly (stuck).
  5206 | D:5      | 5206 ||| Stepping randomly (stuck).
  5207 | D:5      | 5207 ||| Stepping randomly (stuck).
  5208 | D:5      | 5208 ||| Stepping randomly (stuck).
  5209 | D:5      | 5209 ||| Stepping randomly (stuck).
  5210 | D:5      | 5210 ||| Stepping randomly (stuck).
  5211 | D:5      | 5211 ||| Stepping randomly (stuck).
  5212 | D:5      | 5212 ||| Stepping randomly (stuck).
  5213 | D:5      | 5213 ||| Stepping randomly (stuck).
  5214 | D:5      | 5214 ||| Stepping randomly (stuck).
  5215 | D:5      | 5215 ||| Stepping randomly (stuck).
  5216 | D:5      | 5216 ||| Stepping randomly (stuck).
  5217 | D:5      | 5217 ||| Stepping randomly (stuck).
  5218 | D:5      | 5218 ||| Stepping randomly (stuck).
  5219 | D:5      | 5219 ||| Stepping randomly (stuck).
  5220 | D:5      | 5220 ||| Stepping randomly (stuck).
  5221 | D:5      | 5221 ||| Stepping randomly (stuck).
  5222 | D:5      | 5222 ||| Stepping randomly (stuck).
  5223 | D:5      | 5223 ||| Stepping randomly (stuck).
  5224 | D:5      | 5224 ||| Stepping randomly (stuck).
  5225 | D:5      | 5225 ||| Stepping randomly (stuck).
  5226 | D:5      | 5226 ||| Stepping randomly (stuck).
  5227 | D:5      | 5227 ||| Stepping randomly (stuck).
  5228 | D:5      | 5228 ||| Stepping randomly (stuck).
  5229 | D:5      | 5229 ||| Stepping randomly (stuck).
  5230 | D:5      | 5230 ||| Stepping randomly (stuck).
  5231 | D:5      | 5231 ||| Stepping randomly (stuck).
  5232 | D:5      | 5232 ||| Stepping randomly (stuck).
  5233 | D:5      | 5233 ||| Stepping randomly (stuck).
  5234 | D:5      | 5234 ||| Stepping randomly (stuck).
  5235 | D:5      | 5235 ||| Stepping randomly (stuck).
  5236 | D:5      | 5236 ||| Stepping randomly (stuck).
  5237 | D:5      | 5237 ||| Stepping randomly (stuck).
  5238 | D:5      | 5238 ||| Stepping randomly (stuck).
  5239 | D:5      | 5239 ||| Stepping randomly (stuck).
  5240 | D:5      | 5240 ||| Stepping randomly (stuck).
  5241 | D:5      | 5241 ||| Stepping randomly (stuck).
  5242 | D:5      | 5242 ||| Stepping randomly (stuck).
  5243 | D:5      | 5243 ||| Stepping randomly (stuck).
  5244 | D:5      | 5244 ||| Stepping randomly (stuck).
  5245 | D:5      | 5245 ||| Stepping randomly (stuck).
  5246 | D:5      | 5246 ||| Stepping randomly (stuck).
  5247 | D:5      | 5247 ||| Stepping randomly (stuck).
  5248 | D:5      | 5248 ||| Stepping randomly (stuck).
  5249 | D:5      | 5249 ||| Stepping randomly (stuck).
  5250 | D:5      | 5250 ||| Stepping randomly (stuck).
  5251 | D:5      | 5251 ||| Stepping randomly (stuck).
  5252 | D:5      | 5252 ||| Stepping randomly (stuck).
  5253 | D:5      | 5253 ||| Stepping randomly (stuck).
  5254 | D:5      | 5254 ||| Stepping randomly (stuck).
  5255 | D:5      | 5255 ||| Stepping randomly (stuck).
  5256 | D:5      | 5256 ||| Stepping randomly (stuck).
  5257 | D:5      | 5257 ||| Stepping randomly (stuck).
  5258 | D:5      | 5258 ||| Stepping randomly (stuck).
  5259 | D:5      | 5259 ||| Stepping randomly (stuck).
  5260 | D:5      | 5260 ||| Stepping randomly (stuck).
  5261 | D:5      | 5261 ||| Stepping randomly (stuck).
  5262 | D:5      | 5262 ||| Stepping randomly (stuck).
  5263 | D:5      | 5263 ||| Stepping randomly (stuck).
  5264 | D:5      | 5264 ||| Stepping randomly (stuck).
  5265 | D:5      | 5265 ||| Stepping randomly (stuck).
  5266 | D:5      | 5266 ||| Stepping randomly (stuck).
  5267 | D:5      | 5267 ||| Stepping randomly (stuck).
  5268 | D:5      | 5268 ||| Stepping randomly (stuck).
  5269 | D:5      | 5269 ||| Stepping randomly (stuck).
  5270 | D:5      | 5270 ||| Stepping randomly (stuck).
  5271 | D:5      | 5271 ||| Stepping randomly (stuck).
  5272 | D:5      | 5272 ||| Stepping randomly (stuck).
  5273 | D:5      | 5273 ||| Stepping randomly (stuck).
  5274 | D:5      | 5274 ||| Stepping randomly (stuck).
  5275 | D:5      | 5275 ||| Stepping randomly (stuck).
  5276 | D:5      | 5276 ||| Stepping randomly (stuck).
  5277 | D:5      | 5277 ||| Stepping randomly (stuck).
  5278 | D:5      | 5278 ||| Stepping randomly (stuck).
  5279 | D:5      | 5279 ||| Stepping randomly (stuck).
  5280 | D:5      | 5280 ||| Stepping randomly (stuck).
  5281 | D:5      | 5281 ||| Stepping randomly (stuck).
  5282 | D:5      | 5282 ||| Stepping randomly (stuck).
  5283 | D:5      | 5283 ||| Stepping randomly (stuck).
  5284 | D:5      | 5284 ||| Stepping randomly (stuck).
  5285 | D:5      | 5285 ||| Stepping randomly (stuck).
  5286 | D:5      | 5286 ||| Stepping randomly (stuck).
  5287 | D:5      | 5287 ||| Stepping randomly (stuck).
  5288 | D:5      | 5288 ||| Stepping randomly (stuck).
  5289 | D:5      | 5289 ||| Stepping randomly (stuck).
  5290 | D:5      | 5290 ||| Stepping randomly (stuck).
  5291 | D:5      | 5291 ||| Stepping randomly (stuck).
  5292 | D:5      | 5292 ||| Stepping randomly (stuck).
  5293 | D:5      | 5293 ||| Stepping randomly (stuck).
  5294 | D:5      | 5294 ||| Stepping randomly (stuck).
  5295 | D:5      | 5295 ||| Stepping randomly (stuck).
  5296 | D:5      | 5296 ||| Stepping randomly (stuck).
  5297 | D:5      | 5297 ||| Stepping randomly (stuck).
  5298 | D:5      | 5298 ||| Stepping randomly (stuck).
  5299 | D:5      | 5299 ||| Stepping randomly (stuck).
  5300 | D:5      | 5300 ||| Stepping randomly (stuck).
  5301 | D:5      | 5301 ||| Stepping randomly (stuck).
  5302 | D:5      | 5302 ||| Stepping randomly (stuck).
  5303 | D:5      | 5303 ||| Stepping randomly (stuck).
  5304 | D:5      | 5304 ||| Stepping randomly (stuck).
  5305 | D:5      | 5305 ||| Stepping randomly (stuck).
  5306 | D:5      | 5306 ||| Stepping randomly (stuck).
  5307 | D:5      | 5307 ||| Stepping randomly (stuck).
  5308 | D:5      | 5308 ||| Stepping randomly (stuck).
  5309 | D:5      | 5309 ||| Stepping randomly (stuck).
  5310 | D:5      | 5310 ||| Stepping randomly (stuck).
  5311 | D:5      | 5311 ||| Stepping randomly (stuck).
  5312 | D:5      | 5312 ||| Stepping randomly (stuck).
  5313 | D:5      | 5313 ||| Stepping randomly (stuck).
  5314 | D:5      | 5314 ||| Stepping randomly (stuck).
  5315 | D:5      | 5315 ||| Stepping randomly (stuck).
  5316 | D:5      | 5316 ||| Stepping randomly (stuck).
  5317 | D:5      | 5317 ||| Stepping randomly (stuck).
  5318 | D:5      | 5318 ||| Stepping randomly (stuck).
  5319 | D:5      | 5319 ||| Stepping randomly (stuck).
  5320 | D:5      | 5320 ||| Stepping randomly (stuck).
  5321 | D:5      | 5321 ||| Stepping randomly (stuck).
  5322 | D:5      | 5322 ||| Stepping randomly (stuck).
  5323 | D:5      | 5323 ||| Stepping randomly (stuck).
  5324 | D:5      | 5324 ||| Stepping randomly (stuck).
  5325 | D:5      | 5325 ||| Stepping randomly (stuck).
  5326 | D:5      | 5326 ||| Stepping randomly (stuck).
  5327 | D:5      | 5327 ||| Stepping randomly (stuck).
  5328 | D:5      | 5328 ||| Stepping randomly (stuck).
  5329 | D:5      | 5329 ||| Stepping randomly (stuck).
  5330 | D:5      | 5330 ||| Stepping randomly (stuck).
  5331 | D:5      | 5331 ||| Stepping randomly (stuck).
  5332 | D:5      | 5332 ||| Stepping randomly (stuck).
  5333 | D:5      | 5333 ||| Stepping randomly (stuck).
  5334 | D:5      | 5334 ||| Stepping randomly (stuck).
  5335 | D:5      | 5335 ||| Stepping randomly (stuck).
  5336 | D:5      | 5336 ||| Stepping randomly (stuck).
  5337 | D:5      | 5337 ||| Stepping randomly (stuck).
  5338 | D:5      | 5338 ||| Stepping randomly (stuck).
  5339 | D:5      | 5339 ||| Stepping randomly (stuck).
  5340 | D:5      | 5340 ||| Stepping randomly (stuck).
  5341 | D:5      | 5341 ||| Stepping randomly (stuck).
  5342 | D:5      | 5342 ||| Stepping randomly (stuck).
  5343 | D:5      | 5343 ||| Stepping randomly (stuck).
  5344 | D:5      | 5344 ||| Stepping randomly (stuck).
  5345 | D:5      | 5345 ||| Stepping randomly (stuck).
  5346 | D:5      | 5346 ||| Stepping randomly (stuck).
  5347 | D:5      | 5347 ||| Stepping randomly (stuck).
  5348 | D:5      | 5348 ||| Stepping randomly (stuck).
  5349 | D:5      | 5349 ||| Stepping randomly (stuck).
  5350 | D:5      | 5350 ||| Stepping randomly (stuck).
  5351 | D:5      | 5351 ||| Stepping randomly (stuck).
  5352 | D:5      | 5352 ||| Stepping randomly (stuck).
  5353 | D:5      | 5353 ||| Stepping randomly (stuck).
  5354 | D:5      | 5354 ||| Stepping randomly (stuck).
  5355 | D:5      | 5355 ||| Stepping randomly (stuck).
  5356 | D:5      | 5356 ||| Stepping randomly (stuck).
  5357 | D:5      | 5357 ||| Stepping randomly (stuck).
  5358 | D:5      | 5358 ||| Stepping randomly (stuck).
  5359 | D:5      | 5359 ||| Stepping randomly (stuck).
  5360 | D:5      | 5360 ||| Stepping randomly (stuck).
  5361 | D:5      | 5361 ||| Stepping randomly (stuck).
  5362 | D:5      | 5362 ||| Stepping randomly (stuck).
  5363 | D:5      | 5363 ||| Stepping randomly (stuck).
  5364 | D:5      | 5364 ||| Stepping randomly (stuck).
  5365 | D:5      | 5365 ||| Stepping randomly (stuck).
  5366 | D:5      | 5366 ||| Stepping randomly (stuck).
  5367 | D:5      | 5367 ||| Stepping randomly (stuck).
  5368 | D:5      | 5368 ||| Stepping randomly (stuck).
  5369 | D:5      | 5369 ||| Stepping randomly (stuck).
  5370 | D:5      | 5370 ||| Stepping randomly (stuck).
  5371 | D:5      | 5371 ||| Stepping randomly (stuck).
  5372 | D:5      | 5372 ||| Stepping randomly (stuck).
  5373 | D:5      | 5373 ||| Stepping randomly (stuck).
  5374 | D:5      | 5374 ||| Stepping randomly (stuck).
  5375 | D:5      | 5375 ||| Stepping randomly (stuck).
  5376 | D:5      | 5376 ||| Stepping randomly (stuck).
  5377 | D:5      | 5377 ||| Stepping randomly (stuck).
  5378 | D:5      | 5378 ||| Stepping randomly (stuck).
  5379 | D:5      | 5379 ||| Stepping randomly (stuck).
  5380 | D:5      | 5380 ||| Stepping randomly (stuck).
  5381 | D:5      | 5381 ||| Stepping randomly (stuck).
  5382 | D:5      | 5382 ||| Stepping randomly (stuck).
  5383 | D:5      | 5383 ||| Stepping randomly (stuck).
  5384 | D:5      | 5384 ||| Stepping randomly (stuck).
  5385 | D:5      | 5385 ||| Stepping randomly (stuck).
  5386 | D:5      | 5386 ||| Stepping randomly (stuck).
  5387 | D:5      | 5387 ||| Stepping randomly (stuck).
  5388 | D:5      | 5388 ||| Stepping randomly (stuck).
  5389 | D:5      | 5389 ||| Stepping randomly (stuck).
  5390 | D:5      | 5390 ||| Stepping randomly (stuck).
  5391 | D:5      | 5391 ||| Stepping randomly (stuck).
  5392 | D:5      | 5392 ||| Stepping randomly (stuck).
  5393 | D:5      | 5393 ||| Stepping randomly (stuck).
  5394 | D:5      | 5394 ||| Stepping randomly (stuck).
  5395 | D:5      | 5395 ||| Stepping randomly (stuck).
  5396 | D:5      | 5396 ||| Stepping randomly (stuck).
  5397 | D:5      | 5397 ||| Stepping randomly (stuck).
  5398 | D:5      | 5398 ||| Stepping randomly (stuck).
  5399 | D:5      | 5399 ||| Stepping randomly (stuck).
  5400 | D:5      | 5400 ||| Stepping randomly (stuck).
  5401 | D:5      | 5401 ||| Stepping randomly (stuck).
  5402 | D:5      | 5402 ||| Stepping randomly (stuck).
  5403 | D:5      | 5403 ||| Stepping randomly (stuck).
  5404 | D:5      | 5404 ||| Stepping randomly (stuck).
  5405 | D:5      | 5405 ||| Stepping randomly (stuck).
  5406 | D:5      | 5406 ||| Stepping randomly (stuck).
  5407 | D:5      | 5407 ||| Stepping randomly (stuck).
  5408 | D:5      | 5408 ||| Stepping randomly (stuck).
  5409 | D:5      | 5409 ||| Stepping randomly (stuck).
  5410 | D:5      | 5410 ||| Stepping randomly (stuck).
  5411 | D:5      | 5411 ||| Stepping randomly (stuck).
  5412 | D:5      | 5412 ||| Stepping randomly (stuck).
  5413 | D:5      | 5413 ||| Stepping randomly (stuck).
  5414 | D:5      | 5414 ||| Stepping randomly (stuck).
  5415 | D:5      | 5415 ||| Stepping randomly (stuck).
  5416 | D:5      | 5416 ||| Stepping randomly (stuck).
  5417 | D:5      | 5417 ||| Stepping randomly (stuck).
  5418 | D:5      | 5418 ||| Stepping randomly (stuck).
  5419 | D:5      | 5419 ||| Stepping randomly (stuck).
  5420 | D:5      | 5420 ||| Stepping randomly (stuck).
  5421 | D:5      | 5421 ||| Stepping randomly (stuck).
  5422 | D:5      | 5422 ||| Stepping randomly (stuck).
  5423 | D:5      | 5423 ||| Stepping randomly (stuck).
  5424 | D:5      | 5424 ||| Stepping randomly (stuck).
  5425 | D:5      | 5425 ||| Stepping randomly (stuck).
  5426 | D:5      | 5426 ||| Stepping randomly (stuck).
  5427 | D:5      | 5427 ||| Stepping randomly (stuck).
  5428 | D:5      | 5428 ||| Stepping randomly (stuck).
  5429 | D:5      | 5429 ||| Stepping randomly (stuck).
  5430 | D:5      | 5430 ||| Stepping randomly (stuck).
  5431 | D:5      | 5431 ||| Stepping randomly (stuck).
  5432 | D:5      | 5432 ||| Stepping randomly (stuck).
  5433 | D:5      | 5433 ||| Stepping randomly (stuck).
  5434 | D:5      | 5434 ||| Stepping randomly (stuck).
  5435 | D:5      | 5435 ||| Stepping randomly (stuck).
  5436 | D:5      | 5436 ||| Stepping randomly (stuck).
  5437 | D:5      | 5437 ||| Stepping randomly (stuck).
  5438 | D:5      | 5438 ||| Stepping randomly (stuck).
  5439 | D:5      | 5439 ||| Stepping randomly (stuck).
  5440 | D:5      | 5440 ||| Stepping randomly (stuck).
  5441 | D:5      | 5441 ||| Stepping randomly (stuck).
  5442 | D:5      | 5442 ||| Stepping randomly (stuck).
  5443 | D:5      | 5443 ||| Stepping randomly (stuck).
  5444 | D:5      | 5444 ||| Stepping randomly (stuck).
  5445 | D:5      | 5445 ||| Stepping randomly (stuck).
  5446 | D:5      | 5446 ||| Stepping randomly (stuck).
  5447 | D:5      | 5447 ||| Stepping randomly (stuck).
  5448 | D:5      | 5448 ||| Stepping randomly (stuck).
  5449 | D:5      | 5449 ||| Stepping randomly (stuck).
  5450 | D:5      | 5450 ||| Stepping randomly (stuck).
  5451 | D:5      | 5451 ||| Stepping randomly (stuck).
  5452 | D:5      | 5452 ||| Stepping randomly (stuck).
  5453 | D:5      | 5453 ||| Stepping randomly (stuck).
  5454 | D:5      | 5454 ||| Stepping randomly (stuck).
  5455 | D:5      | 5455 ||| Stepping randomly (stuck).
  5456 | D:5      | 5456 ||| Stepping randomly (stuck).
  5457 | D:5      | 5457 ||| Stepping randomly (stuck).
  5458 | D:5      | 5458 ||| Stepping randomly (stuck).
  5459 | D:5      | 5459 ||| Stepping randomly (stuck).
  5460 | D:5      | 5460 ||| Stepping randomly (stuck).
  5461 | D:5      | 5461 ||| Stepping randomly (stuck).
  5462 | D:5      | 5462 ||| Stepping randomly (stuck).
  5463 | D:5      | 5463 ||| Stepping randomly (stuck).
  5464 | D:5      | 5464 ||| Stepping randomly (stuck).
  5465 | D:5      | 5465 ||| Stepping randomly (stuck).
  5466 | D:5      | 5466 ||| Stepping randomly (stuck).
  5467 | D:5      | 5467 ||| Stepping randomly (stuck).
  5468 | D:5      | 5468 ||| Stepping randomly (stuck).
  5469 | D:5      | 5469 ||| Stepping randomly (stuck).
  5470 | D:5      | 5470 ||| Stepping randomly (stuck).
  5471 | D:5      | 5471 ||| Stepping randomly (stuck).
  5472 | D:5      | 5472 ||| Stepping randomly (stuck).
  5473 | D:5      | 5473 ||| Stepping randomly (stuck).
  5474 | D:5      | 5474 ||| Stepping randomly (stuck).
  5475 | D:5      | 5475 ||| Stepping randomly (stuck).
  5476 | D:5      | 5476 ||| Stepping randomly (stuck).
  5477 | D:5      | 5477 ||| Stepping randomly (stuck).
  5478 | D:5      | 5478 ||| Stepping randomly (stuck).
  5479 | D:5      | 5479 ||| Stepping randomly (stuck).
  5480 | D:5      | 5480 ||| Stepping randomly (stuck).
  5481 | D:5      | 5481 ||| Stepping randomly (stuck).
  5482 | D:5      | 5482 ||| Stepping randomly (stuck).
  5483 | D:5      | 5483 ||| Stepping randomly (stuck).
  5484 | D:5      | 5484 ||| Stepping randomly (stuck).
  5485 | D:5      | 5485 ||| Stepping randomly (stuck).
  5486 | D:5      | 5486 ||| Stepping randomly (stuck).
  5487 | D:5      | 5487 ||| Stepping randomly (stuck).
  5488 | D:5      | 5488 ||| Stepping randomly (stuck).
  5489 | D:5      | 5489 ||| Stepping randomly (stuck).
  5490 | D:5      | 5490 ||| Stepping randomly (stuck).
  5491 | D:5      | 5491 ||| Stepping randomly (stuck).
  5492 | D:5      | 5492 ||| Stepping randomly (stuck).
  5493 | D:5      | 5493 ||| Stepping randomly (stuck).
  5494 | D:5      | 5494 ||| Stepping randomly (stuck).
  5495 | D:5      | 5495 ||| Stepping randomly (stuck).
  5496 | D:5      | 5496 ||| Stepping randomly (stuck).
  5497 | D:5      | 5497 ||| Stepping randomly (stuck).
  5498 | D:5      | 5498 ||| Stepping randomly (stuck).
  5499 | D:5      | 5499 ||| Stepping randomly (stuck).
  5500 | D:5      | 5500 ||| Stepping randomly (stuck).
  5501 | D:5      | 5501 ||| Stepping randomly (stuck).
  5502 | D:5      | 5502 ||| Stepping randomly (stuck).
  5503 | D:5      | 5503 ||| Stepping randomly (stuck).
  5504 | D:5      | 5504 ||| Stepping randomly (stuck).
  5505 | D:5      | 5505 ||| Stepping randomly (stuck).
  5506 | D:5      | 5506 ||| Stepping randomly (stuck).
  5507 | D:5      | 5507 ||| Stepping randomly (stuck).
  5508 | D:5      | 5508 ||| Stepping randomly (stuck).
  5509 | D:5      | 5509 ||| Stepping randomly (stuck).
  5510 | D:5      | 5510 ||| Stepping randomly (stuck).
  5511 | D:5      | 5511 ||| Stepping randomly (stuck).
  5512 | D:5      | 5512 ||| Stepping randomly (stuck).
  5513 | D:5      | 5513 ||| Stepping randomly (stuck).
  5514 | D:5      | 5514 ||| Stepping randomly (stuck).
  5515 | D:5      | 5515 ||| Stepping randomly (stuck).
  5516 | D:5      | 5516 ||| Stepping randomly (stuck).
  5517 | D:5      | 5517 ||| Stepping randomly (stuck).
  5518 | D:5      | 5518 ||| Stepping randomly (stuck).
  5519 | D:5      | 5519 ||| Stepping randomly (stuck).
  5520 | D:5      | 5520 ||| Stepping randomly (stuck).
  5521 | D:5      | 5521 ||| Stepping randomly (stuck).
  5522 | D:5      | 5522 ||| Stepping randomly (stuck).
  5523 | D:5      | 5523 ||| Stepping randomly (stuck).
  5524 | D:5      | 5524 ||| Stepping randomly (stuck).
  5525 | D:5      | 5525 ||| Stepping randomly (stuck).
  5526 | D:5      | 5526 ||| Stepping randomly (stuck).
  5527 | D:5      | 5527 ||| Stepping randomly (stuck).
  5528 | D:5      | 5528 ||| Stepping randomly (stuck).
  5529 | D:5      | 5529 ||| Stepping randomly (stuck).
  5530 | D:5      | 5530 ||| Stepping randomly (stuck).
  5531 | D:5      | 5531 ||| Stepping randomly (stuck).
  5532 | D:5      | 5532 ||| Stepping randomly (stuck).
  5533 | D:5      | 5533 ||| Stepping randomly (stuck).
  5534 | D:5      | 5534 ||| Stepping randomly (stuck).
  5535 | D:5      | 5535 ||| Stepping randomly (stuck).
  5536 | D:5      | 5536 ||| Stepping randomly (stuck).
  5537 | D:5      | 5537 ||| Stepping randomly (stuck).
  5538 | D:5      | 5538 ||| Stepping randomly (stuck).
  5539 | D:5      | 5539 ||| Stepping randomly (stuck).
  5540 | D:5      | 5540 ||| Stepping randomly (stuck).
  5541 | D:5      | 5541 ||| Stepping randomly (stuck).
  5542 | D:5      | 5542 ||| Stepping randomly (stuck).
  5543 | D:5      | 5543 ||| Stepping randomly (stuck).
  5544 | D:5      | 5544 ||| Stepping randomly (stuck).
  5545 | D:5      | 5545 ||| Stepping randomly (stuck).
  5546 | D:5      | 5546 ||| Stepping randomly (stuck).
  5547 | D:5      | 5547 ||| Stepping randomly (stuck).
  5548 | D:5      | 5548 ||| Stepping randomly (stuck).
  5549 | D:5      | 5549 ||| Stepping randomly (stuck).
  5550 | D:5      | 5550 ||| Stepping randomly (stuck).
  5551 | D:5      | 5551 ||| Stepping randomly (stuck).
  5552 | D:5      | 5552 ||| Stepping randomly (stuck).
  5553 | D:5      | 5553 ||| Stepping randomly (stuck).
  5554 | D:5      | 5554 ||| Stepping randomly (stuck).
  5555 | D:5      | 5555 ||| Stepping randomly (stuck).
  5556 | D:5      | 5556 ||| Stepping randomly (stuck).
  5557 | D:5      | 5557 ||| Stepping randomly (stuck).
  5558 | D:5      | 5558 ||| Stepping randomly (stuck).
  5559 | D:5      | 5559 ||| Stepping randomly (stuck).
  5560 | D:5      | 5560 ||| Stepping randomly (stuck).
  5561 | D:5      | 5561 ||| Stepping randomly (stuck).
  5562 | D:5      | 5562 ||| Stepping randomly (stuck).
  5563 | D:5      | 5563 ||| Stepping randomly (stuck).
  5564 | D:5      | 5564 ||| Stepping randomly (stuck).
  5565 | D:5      | 5565 ||| Stepping randomly (stuck).
  5566 | D:5      | 5566 ||| Stepping randomly (stuck).
  5567 | D:5      | 5567 ||| Stepping randomly (stuck).
  5568 | D:5      | 5568 ||| Stepping randomly (stuck).
  5569 | D:5      | 5569 ||| Stepping randomly (stuck).
  5570 | D:5      | 5570 ||| Stepping randomly (stuck).
  5571 | D:5      | 5571 ||| Stepping randomly (stuck).
  5572 | D:5      | 5572 ||| Stepping randomly (stuck).
  5573 | D:5      | 5573 ||| Stepping randomly (stuck).
  5574 | D:5      | 5574 ||| Stepping randomly (stuck).
  5575 | D:5      | 5575 ||| Stepping randomly (stuck).
  5576 | D:5      | 5576 ||| Stepping randomly (stuck).
  5577 | D:5      | 5577 ||| Stepping randomly (stuck).
  5578 | D:5      | 5578 ||| Stepping randomly (stuck).
  5579 | D:5      | 5579 ||| Stepping randomly (stuck).
  5580 | D:5      | 5580 ||| Stepping randomly (stuck).
  5581 | D:5      | 5581 ||| Stepping randomly (stuck).
  5582 | D:5      | 5582 ||| Stepping randomly (stuck).
  5583 | D:5      | 5583 ||| Stepping randomly (stuck).
  5584 | D:5      | 5584 ||| Stepping randomly (stuck).
  5585 | D:5      | 5585 ||| Stepping randomly (stuck).
  5586 | D:5      | 5586 ||| Stepping randomly (stuck).
  5587 | D:5      | 5587 ||| Stepping randomly (stuck).
  5588 | D:5      | 5588 ||| Stepping randomly (stuck).
  5589 | D:5      | 5589 ||| Stepping randomly (stuck).
  5590 | D:5      | 5590 ||| Stepping randomly (stuck).
  5591 | D:5      | 5591 ||| Stepping randomly (stuck).
  5592 | D:5      | 5592 ||| Stepping randomly (stuck).
  5593 | D:5      | 5593 ||| Stepping randomly (stuck).
  5594 | D:5      | 5594 ||| Stepping randomly (stuck).
  5595 | D:5      | 5595 ||| Stepping randomly (stuck).
  5596 | D:5      | 5596 ||| Stepping randomly (stuck).
  5597 | D:5      | 5597 ||| Stepping randomly (stuck).
  5598 | D:5      | 5598 ||| Stepping randomly (stuck).
  5599 | D:5      | 5599 ||| Stepping randomly (stuck).
  5600 | D:5      | 5600 ||| Stepping randomly (stuck).
  5601 | D:5      | 5601 ||| Stepping randomly (stuck).
  5602 | D:5      | 5602 ||| Stepping randomly (stuck).
  5603 | D:5      | 5603 ||| Stepping randomly (stuck).
  5604 | D:5      | 5604 ||| Stepping randomly (stuck).
  5605 | D:5      | 5605 ||| Stepping randomly (stuck).
  5606 | D:5      | 5606 ||| Stepping randomly (stuck).
  5607 | D:5      | 5607 ||| Stepping randomly (stuck).
  5608 | D:5      | 5608 ||| Stepping randomly (stuck).
  5609 | D:5      | 5609 ||| Stepping randomly (stuck).
  5610 | D:5      | 5610 ||| Stepping randomly (stuck).
  5611 | D:5      | 5611 ||| Stepping randomly (stuck).
  5612 | D:5      | 5612 ||| Stepping randomly (stuck).
  5613 | D:5      | 5613 ||| Stepping randomly (stuck).
  5614 | D:5      | 5614 ||| Stepping randomly (stuck).
  5615 | D:5      | 5615 ||| Stepping randomly (stuck).
  5616 | D:5      | 5616 ||| Stepping randomly (stuck).
  5617 | D:5      | 5617 ||| Stepping randomly (stuck).
  5618 | D:5      | 5618 ||| Stepping randomly (stuck).
  5619 | D:5      | 5619 ||| Stepping randomly (stuck).
  5620 | D:5      | 5620 ||| Stepping randomly (stuck).
  5621 | D:5      | 5621 ||| Stepping randomly (stuck).
  5622 | D:5      | 5622 ||| Stepping randomly (stuck).
  5623 | D:5      | 5623 ||| Stepping randomly (stuck).
  5624 | D:5      | 5624 ||| Stepping randomly (stuck).
  5625 | D:5      | 5625 ||| Stepping randomly (stuck).
  5626 | D:5      | 5626 ||| Stepping randomly (stuck).
  5627 | D:5      | 5627 ||| Stepping randomly (stuck).
  5628 | D:5      | 5628 ||| Stepping randomly (stuck).
  5629 | D:5      | 5629 ||| Stepping randomly (stuck).
  5630 | D:5      | 5630 ||| Stepping randomly (stuck).
  5631 | D:5      | 5631 ||| Stepping randomly (stuck).
  5632 | D:5      | 5632 ||| Stepping randomly (stuck).
  5633 | D:5      | 5633 ||| Stepping randomly (stuck).
  5634 | D:5      | 5634 ||| Stepping randomly (stuck).
  5635 | D:5      | 5635 ||| Stepping randomly (stuck).
  5636 | D:5      | 5636 ||| Stepping randomly (stuck).
  5637 | D:5      | 5637 ||| Stepping randomly (stuck).
  5638 | D:5      | 5638 ||| Stepping randomly (stuck).
  5639 | D:5      | 5639 ||| Stepping randomly (stuck).
  5640 | D:5      | 5640 ||| Stepping randomly (stuck).
  5641 | D:5      | 5641 ||| Stepping randomly (stuck).
  5642 | D:5      | 5642 ||| Stepping randomly (stuck).
  5643 | D:5      | 5643 ||| Stepping randomly (stuck).
  5644 | D:5      | 5644 ||| Stepping randomly (stuck).
  5645 | D:5      | 5645 ||| Stepping randomly (stuck).
  5646 | D:5      | 5646 ||| Stepping randomly (stuck).
  5647 | D:5      | 5647 ||| Stepping randomly (stuck).
  5648 | D:5      | 5648 ||| Stepping randomly (stuck).
  5649 | D:5      | 5649 ||| Stepping randomly (stuck).
  5650 | D:5      | 5650 ||| Stepping randomly (stuck).
  5651 | D:5      | 5651 ||| Stepping randomly (stuck).
  5652 | D:5      | 5652 ||| Stepping randomly (stuck).
  5653 | D:5      | Quit the game

Levels and vault maps discovered:
D:1:      lordsloth_arrival_two_stooges, layout_basic,
          shapermc_ecumenical_altar_petra
D:2:      layout_basic, grunt_decor_mini_mirrors, hangedman_decor_growths
D:3:      layout_loops_ring, grunt_temple_overflow_gold_and_silver,
          fedhas_altar_3, uniq_grinder
D:4:      layout_gridville, mainiacjoe_overflow_six_doors_small,
          minmay_ruined_shrine
D:5:      layout_cave_pools, general_overflow_altar, old_standard_altar,
          chequers_decorated_corner, minmay_crystal_water, uniq_edmund,
          uniq_menkaure

Skill      XL: |  1  2  3  4  5  6  7  8 |
---------------+-------------------------+-----
Axes           | 2 3 5 6 7 |  7.1
Throwing       | 1 |  1.3
Fighting       | 4 5 |  5.4
Dodging        | 1 |  1.2
Armour         | 4 |  4.1
Shields        | |  3.2

Action                   |  1- 3 |  4- 6 |  7- 9 || total
-------------------------+-------+-------+-------++-------
Melee: War axe           |    76 |    56 |    51 ||   183
Throw: Javelin           |     7 |    20 |    15 ||    42
  Use: Scroll            |     7 |     6 |     4 ||    17
       Potion            |     2 |     4 |     1 ||     7
Armor: Scale mail        |    28 |       |       ||    28
       Chain mail        |       |    57 |    22 ||    79
Dodge: Dodged            |    31 |    21 |    15 ||    67
Block: Buckler           |    20 |     6 |     8 ||    34

Table legend:
 A = Non-vault XP
 B = Vault XP
 C = Vault XP percentage of total XP
 D = Non-vault monster count
 E = Vault monster count
 F = Vault count percentage of total count
                 A         B        C        D         E       F
            +---------+---------+-------+---------+---------+-------
      Total |     749 |     688 |  47.9 |      70 |      10 |  12.5
            +---------+---------+-------+---------+---------+-------
        D:1 |      44 |       0 |   0.0 |      25 |       0 |   0.0
        D:2 |      38 |       0 |   0.0 |       8 |       0 |   0.0
        D:3 |      46 |     286 |  86.1 |       7 |       1 |  12.5
        D:4 |     262 |      50 |  16.0 |      20 |       7 |  25.9
        D:5 |     359 |     352 |  49.5 |      10 |       2 |  16.7
            +---------+---------+-------+---------+---------+-------
